Cogmind - Beta 12 @@@ ROGUE MODE // 2023.04.06 @ 21:52:30 Player: MTF Result: Escaped singularity! Performance ------------- Evolutions (9) 4500 Regions Visited (39) 7800 Robots Destroyed (1038) 5190 Value Destroyed (61686) 61686 Prototype IDs (309) 6180 Alien Tech Used (13) 2600 Bonus (84960) 84960 TOTAL SCORE: 172916 Bonus ------- Triggered High Security 1000 High Alert Combat Kills 36656 Follower Combat Kills 8770 Entered Garrisons 1800 Used RIF Installer 6000 Network Hubs Disabled 800 Aligned with FarCom 300 Built Enhanced Grunts 300 A7 Reached Mainframe 300 Met R17 at Cetus 500 Found Hidden Lab 3000 Scanned by Researcher 500 Pursued by Intercept 500 Met Sigix 2000 Met MAIN.C 5000 Destroyed MAIN.C Shell 5000 Destroyed MAIN.C 10000 Met Architect 300 Destroyed A8 300 Destroyed A6 400 Destroyed A5 500 Destroyed A4 700 Destroyed Architect 15000 Win 3000 Friendly Fire -17666 Cogmind --------- Core Integrity 824/1600 Matter 415/425 Energy 87/350 System Corruption 0% Temperature Cool (0) Movement Core (50) Location Near Former Tau Ceti IV Parts ------- > --- POWER (3) -------- (None) > --- PROPULSION (6) --- (None) > --- UTILITY (13) ----- (None) > --- WEAPON (4) ------- (None) > --- INVENTORY (5) ---- Vortex Chain Reactor Perforator Peak State ------------ > --- POWER ------------ Zero-point Reactor Vortex Chain Reactor > --- PROPULSION ------- Experimental Biometal Heavy Treads Experimental Biometal Heavy Treads Advanced Heavy Siege Treads > --- UTILITY ---------- Desublimator High-capacity Storage Unit Experimental Energy Well Experimental Targeting Computer Experimental Targeting Computer Experimental Core Analyzer Improved Armor Integrity Analyzer Advanced Kinecellerator Experimental Weapon Cycler Advanced Phase Shifter Heavy Regenerative Plating AEGIS Remote Shield > --- WEAPON ----------- Omega Cannon Sigix Broadsword > --- INVENTORY -------- Vortex Chain Reactor Biometal Heavy Treads Experimental Energy Well Experimental Energy Well Advanced Matter Compressor Experimental Matter Compressor Experimental Core Analyzer Precision Energy Filter Advanced Particle Charger Advanced Force Field Advanced Force Field Long-range Tractor Beam Spacefold Activator Enhanced Nova Cannon Cooled Nova Cannon Cooled Nova Cannon Perforator [Rating: 267] Favorites ----------- Power Quantum Reactor Engine Cooled Ion Engine Power Core Neutrino Core Reactor Quantum Reactor Propulsion Advanced Heavy Siege Treads Treads Advanced Heavy Siege Treads Leg Aluminum Leg Wheel Armored Huge Wheel Utility Experimental Targeting Computer Device Advanced Transmission Jammer Storage Cargo Storage Unit Processor Experimental Targeting Computer Hackware Relay Coupler [C] Protection SHELL Armor Artifact Spacefold Activator Weapon Enhanced Nova Cannon Energy Gun Precision Shock Rifle Energy Cannon Enhanced Nova Cannon Ballistic Gun Improved Assault Rifle Ballistic Cannon Perforator Launcher Rocket Launcher Special Weapon Guided Remote Datajack Impact Weapon Maul Slashing Weapon Sigix Broadsword Piercing Weapon Force Lance Special Melee Weapon Improved Datajack Build | -11 -10 -10 -9 -9 -9 -8 -8 -8 -8 -8 -7 -7 -6 -6 -6 -6 -6 -6 -5 -5 -5 -5 -5 -5 -4 -4 -4 -3 -3 -3 -2 -2 -2 -2 -1 -1 -1 -1 -1 ------- Run | Jun Mat Min Mat Min Exi Min Mat Gar Mat Gar Fac Gar Fac Was Fac Gar Fac Gar Fac Ext Cet Arc Hub Gar Fac Arm Lab Res Qua Gar Res Tes Sec Gar Acc Gar Acc Com Ac0 Slots Evolved 18 | . . . 2 . . . 2 . . . 2 . 2 . . . . . 2 . . . . . 2 . . 2 . . 2 . . . 2 . . . . Power 2 | . . . . . . . . . . . 1 . . . . . . . . . . . . . . . . . . . 1 . . . . . . . . Propulsion 4 | . . . 1 . . . 1 . . . . . . . . . . . . . . . . . . . . 2 . . . . . . . . . . . Utility 10 | . . . 1 . . . 1 . . . 1 . 2 . . . . . 2 . . . . . 2 . . . . . 1 . . . . . . . . Weapon 2 | . . . . . . . . . . . . . . . . . . . . . . . . . . . . . . . . . . . 2 . . . . Parts Attached 1794 | 2 11 8 46 3 35 5 42 31 25 42 84 43 5 19 10 32 81 37 24 23 15 10 56 23 16 66 16 43 66 37 34 104 120 27 11 40 99 343 60 Power 109 | . 2 . 2 . 3 . 2 1 1 2 6 2 . 4 . . 3 4 . 4 . 3 4 1 2 6 3 3 6 3 2 3 6 . . 1 8 22 . Engine 13 | . 1 . 2 . 2 . 1 1 . 1 2 . . . . . . 1 . . . . . . . . . . . . 1 . . . . . 1 . . Core 21 | . 1 . . . 1 . 1 . 1 1 4 2 . . . . 1 2 . 4 . . 1 . . . . . . . . . . . . . . 2 . Reactor 75 | . . . . . . . . . . . . . . 4 . . 2 1 . . . 3 3 1 2 6 3 3 6 3 1 3 6 . . 1 7 20 . Propulsion 132 | . 2 . 15 . 6 . 11 4 5 5 10 2 . 3 . 3 4 1 . 1 1 . 1 . . 8 . 4 5 3 4 2 2 2 . 1 7 20 . Treads 123 | . 2 . 15 . 6 . 10 4 5 5 9 2 . 3 . 3 4 1 . 1 1 . 1 . . 8 . 2 3 3 4 2 2 2 . 1 7 17 . Leg . | . . . . . . . . . . . . . . . . . . . . . . . . . . . . . . . . . . . . . . . . Wheel 9 | . . . . . . . 1 . . . 1 . . . . . . . . . . . . . . . . 2 2 . . . . . . . . 3 . Hover . | . . . . . . . . . . . . . . . . . . . . . . . . . . . . . . . . . . . . . . . . Flight . | . . . . . . . . . . . . . . . . . . . . . . . . . . . . . . . . . . . . . . . . Utility 867 | 1 1 . 11 . 10 1 6 11 4 14 32 18 2 1 6 12 41 10 10 10 9 3 25 15 12 25 7 30 34 20 18 54 52 7 8 24 69 220 34 Device 570 | 1 . . 1 . 6 1 2 2 1 7 23 11 1 . 5 9 32 9 7 9 4 3 20 8 8 19 4 26 26 18 17 46 45 6 7 17 34 107 28 Storage 26 | . . . 2 . 1 . . 1 . 1 1 . . . . 1 . . . . 1 . . . . 1 1 . 2 1 . . . . . . 2 10 1 Processor 32 | . . . 2 . . . 2 . . . 2 1 . . 1 . . . . . . . . . 2 2 . 1 . . . . 2 . . . 1 14 2 Hackware 54 | . . . . . . . . 1 . . 3 4 . 1 . 1 4 1 2 . . . 2 3 2 . 1 2 6 . 1 4 3 . 1 5 2 5 . Protection 183 | . 1 . 6 . 3 . 2 7 3 6 3 2 1 . . 1 5 . 1 1 4 . 3 4 . 3 1 1 . 1 . 4 2 1 . 2 30 82 3 Artifact 2 | . . . . . . . . . . . . . . . . . . . . . . . . . . . . . . . . . . . . . . 2 . Weapon 686 | 1 6 8 18 3 16 4 23 15 15 21 36 21 3 11 4 17 33 22 14 8 5 4 26 7 2 27 6 6 21 11 10 45 60 18 3 14 15 81 26 Energy Gun 71 | . . . 1 . . . . . 10 7 3 . 2 1 3 6 15 4 . . . . . . . 4 . . 1 . . . 5 1 . 5 . 3 . Energy Cannon 249 | . . . . . . . . . . . 12 13 . 5 1 4 12 11 11 5 4 2 14 5 1 16 6 3 13 5 7 21 24 7 . 7 9 23 8 Ballistic Gun 68 | 1 3 3 8 2 12 2 13 9 2 6 7 . . . . . . . . . . . . . . . . . . . . . . . . . . . . Ballistic Cannon 64 | . . . . . . . . . . . . . . . . . . 1 . . . . . . . . . . . . . 2 10 5 1 . 3 24 18 Launcher 39 | . 2 3 5 1 2 1 6 2 1 5 3 . . . . . . 1 . . . . . . . 4 . . . . . . . . . . 1 2 . Special Weapon 132 | . . . . . . . . . . . 3 3 1 5 . 4 5 4 3 3 1 2 12 2 1 1 . 3 5 6 2 20 18 5 . . 1 22 . Impact Weapon 2 | . 1 1 . . . . . . . . . . . . . . . . . . . . . . . . . . . . . . . . . . . . . Slashing Weapon 50 | . . 1 4 . 2 1 4 4 2 3 8 2 . . . . . . . . . . . . . 1 . . 2 . 1 2 3 . 2 2 1 5 . Piercing Weapon 9 | . . . . . . . . . . . . 3 . . . 3 1 1 . . . . . . . 1 . . . . . . . . . . . . . Special Melee Weapon 2 | . . . . . . . . . . . . . . . . . . . . . . . . . . . . . . . . . . . . . . 2 . Unidentified Prototypes 52 | . 1 . 3 . 6 . . . 3 . 1 1 . . . . . . . . 5 . 6 1 1 2 4 . 2 . 1 7 4 . . . 2 1 1 Corrupted Parts 16 | . . . . . . . . . 1 1 3 . . . . . . . . . . . . . . 6 . . 3 . . . 2 . . . . . . System Corruption 84 | . . . . . . . . . 1 1 10 . . . . . . . . . . . . . . 31 . . 28 . . . 13 . . . . . . Parts Lost 75 | . . . . . 6 1 2 5 4 4 6 . . . . . 2 . . . . . 1 . . 12 . . 1 . 2 . 2 . . . 1 24 2 Power 10 | . . . . . . . . . . 1 3 . . . . . . . . . . . 1 . . 2 . . . . . . . . . . 1 2 . Propulsion 10 | . . . . . 2 . 2 1 . 1 . . . . . . . . . . . . . . . 1 . . . . . . . . . . . 3 . Utility 38 | . . . . . 2 1 . 2 2 2 2 . . . . . 1 . . . . . . . . 7 . . 1 . 2 . 1 . . . . 14 1 Weapon 17 | . . . . . 2 . . 2 2 . 1 . . . . . 1 . . . . . . . . 2 . . . . . . 1 . . . . 5 1 Highest Loss Streak 13 | . . . . . 6 1 1 4 1 2 2 . . . . . 1 . . . . . 1 . . 3 . . 1 . 1 . 1 . . . 1 13 1 To Critical Strikes 5 | . . . . . 4 . . . . . . . . . . . 1 . . . . . . . . . . . . . . . . . . . . . . Average Slot Usage (%) 76 | . 99 99 98 100 95 88 89 88 89 88 86 92 85 79 79 75 76 72 74 75 76 82 81 79 72 73 41 75 73 71 71 68 67 68 68 69 71 69 73 Engine 1 | . 4 . 8 11 10 11 7 9 3 1 1 2 . . . . . . . . . . . . . . . . . . . . . . . . . . . Core 1 | . 9 14 2 . . . 1 . 5 6 11 12 13 2 . . . 3 5 6 11 10 1 . . . . . . . . . . . . . . . . Reactor 7 | . . . . . . . . . . . . . . 10 13 13 13 7 5 3 . . 9 11 10 9 3 9 9 9 10 12 12 12 11 11 9 8 7 Treads 15 | . 27 28 31 33 32 33 35 35 35 36 18 15 13 11 13 13 12 13 11 11 11 11 11 11 10 10 10 9 8 12 12 12 12 12 11 11 11 11 11 Device 11 | . 5 . 1 11 10 11 9 7 7 9 10 13 13 13 12 13 14 11 15 16 17 17 15 12 19 20 7 16 18 18 19 15 15 12 13 11 4 7 15 Storage 5 | . 14 14 11 11 11 11 9 9 9 9 7 7 6 6 6 6 6 6 5 5 5 5 5 5 5 5 3 4 4 4 4 4 4 4 3 3 3 3 3 Processor 7 | . . . 1 . . . 3 . . . 5 7 6 6 6 6 6 6 5 5 5 5 5 5 5 10 10 9 9 9 8 8 8 12 11 11 11 9 21 Hackware 4 | . . . . . . . . . . . 2 1 6 5 6 2 1 1 5 5 5 5 8 14 5 1 2 5 2 3 4 4 3 3 1 3 10 7 . Protection 6 | . 8 14 18 11 7 . 4 9 10 8 4 7 6 6 6 5 6 6 5 5 5 11 9 4 5 4 1 4 4 3 4 4 4 4 3 3 5 6 3 Energy Cannon 3 | . . . . . . . . . . . 4 10 4 5 4 2 4 6 9 9 8 5 7 5 7 6 2 7 4 3 3 2 2 2 2 2 2 2 . Ballistic Gun 2 | . 21 15 16 1 21 . 15 9 3 . 2 . . . . . . . . . . . . . . . . . . . . . . . . . . . . Special Weapon 1 | . . . . . . . . . . . 1 . . 6 2 1 1 . 1 1 1 4 3 4 2 . . . . 3 2 3 2 3 3 3 3 1 . Slashing Weapon 1 | . . . 3 10 . 10 2 6 3 3 4 . . . . . . . . . . . . . . . . . . . . . . . 2 3 . 2 2 Naked Turns 6 | . . . . . . . . . . . . . . . . . . . . . . . . . . . . . . . . . . . . . . . 6 Heaviest Build 341 | 13 19 19 44 44 222 217 229 234 228 220 302 118 129 147 148 212 211 217 218 218 210 212 218 222 230 227 218 231 236 242 275 283 280 277 287 287 294 341 176 Greatest Support 250 | 20 40 40 60 60 60 60 80 84 88 89 90 28 28 140 140 150 150 150 135 135 140 140 155 155 155 160 140 210 140 225 230 240 240 220 220 220 220 250 250 Greatest Overweight (x) 65 | . . . . . 3 3 2 2 2 2 10 4 4 4 1 1 1 1 1 1 1 65 1 1 1 1 3 5 5 5 1 1 1 1 1 1 1 11 . Average Overweight (x) 2 | . . . . . . 3 2 2 2 2 4 3 4 1 1 . 1 1 1 1 1 15 1 1 1 1 . 4 4 1 1 . 1 1 1 1 1 3 . Largest Inventory Capacity 35 | 8 8 8 15 15 35 35 35 35 35 35 35 25 25 25 25 30 30 30 30 30 30 30 30 30 30 30 30 30 30 30 30 30 30 30 30 30 30 30 20 Average Capacity 28 | 8 8 8 11 15 21 35 35 35 35 35 32 25 25 25 25 27 30 30 30 30 30 30 30 30 30 30 20 30 30 30 30 30 30 30 30 30 30 29 19 Most Carried 35 | 5 8 8 15 15 35 35 35 35 35 35 35 25 25 25 25 30 30 30 30 30 30 30 30 30 30 30 30 30 30 30 30 30 30 30 29 30 30 30 20 Average Carried 27 | 4 7 7 11 14 18 34 34 33 34 34 31 24 22 24 25 26 29 29 28 29 29 29 29 29 29 28 16 29 29 29 29 29 29 29 28 29 28 27 19 Final Capacity 35 | 8 8 8 15 15 35 35 35 35 35 35 25 25 25 25 25 30 30 30 30 30 30 30 30 30 30 30 30 30 30 30 30 30 30 30 30 30 30 30 5 Final Carried 35 | 4 8 8 15 15 35 35 35 35 35 35 25 25 25 25 25 30 30 30 29 30 30 30 29 30 30 30 30 29 30 30 30 29 30 30 29 30 30 30 4 Class Distribution -------------------- 52% | Botlord-Mutant 15% | Scavenger-Mutant 13% | Hauler-Mutant 10% | Bothacker-Mutant 5% | Mutant Dominant Class ---------------- Mutant | -10/Materials Mutant | -10/Mines Scavenger-Mutant | -9/Materials Mutant | -9/Mines Mutant | -9/Exiles Hauler-Mutant | -8/Mines Hauler-Mutant | -8/Materials Hauler-Mutant | -8/Garrison Hauler-Mutant | -8/Materials Hauler-Mutant | -8/Garrison Hauler-Mutant | -7/Factory Scavenger-Mutant | -7/Garrison Mutant | -6/Factory Scavenger-Mutant | -6/Waste Scavenger-Mutant | -6/Factory Bothacker-Mutant | -6/Garrison Bothacker-Mutant | -6/Factory Bothacker-Mutant | -6/Garrison Botlord-Mutant | -5/Factory Botlord-Mutant | -5/Extension Botlord-Mutant | -5/Cetus Botlord-Mutant | -5/Archives Bothacker-Mutant | -5/Hub_04(d) Botlord-Mutant | -5/Garrison Botlord-Mutant | -4/Factory Botlord-Mutant | -4/Armory Botlord-Mutant | -4/Lab Botlord-Mutant | -3/Research Botlord-Mutant | -3/Quarantine Botlord-Mutant | -3/Garrison Botlord-Mutant | -2/Research Botlord-Mutant | -2/Testing Botlord-Mutant | -2/Section 7 Botlord-Mutant | -2/Garrison Botlord-Mutant | -1/Access Botlord-Mutant | -1/Garrison Botlord-Mutant | -1/Access Botlord-Mutant | -1/Command Scavenger-Mutant | -1/Access_0 Resources | -11 -10 -10 -9 -9 -9 -8 -8 -8 -8 -8 -7 -7 -6 -6 -6 -6 -6 -6 -5 -5 -5 -5 -5 -5 -4 -4 -4 -3 -3 -3 -2 -2 -2 -2 -1 -1 -1 -1 -1 ----------- Run | Jun Mat Min Mat Min Exi Min Mat Gar Mat Gar Fac Gar Fac Was Fac Gar Fac Gar Fac Ext Cet Arc Hub Gar Fac Arm Lab Res Qua Gar Res Tes Sec Gar Acc Gar Acc Com Ac0 Matter Collected 52801 | 340 66 327 867 54 1786 289 1351 697 571 443 1581 457 . 410 95 366 827 578 247 454 194 135 695 394 239 1164 . 772 1680 1051 676 1813 3989 775 309 553 5330 18561 2665 Remotely 21600 | . . . . . . . . . . 227 116 91 . . . . 348 181 135 123 . . . . 156 473 . 320 346 232 223 315 2773 . 253 . 3629 10684 975 Salvage Created 77018 | 245 83 182 1541 255 664 272 2027 519 1255 612 1507 882 . 1891 137 1105 1552 635 445 663 165 185 1068 86 385 3117 . 1900 1723 1408 1584 2670 4987 1475 540 1967 10521 24040 2725 Parts 2839 | 18 5 12 92 6 82 14 98 37 73 37 66 38 . 47 13 51 71 30 17 18 15 13 59 4 12 128 . 100 102 62 51 110 205 78 29 93 138 658 157 Haulers Intercepted 13 | . . . 4 . . . 2 . 4 . 2 . . . . . 1 . . . . . . . . . . . . . . . . . . . . . . Recyclers Shooed 21 | 1 . . 1 . . 1 3 . . . 3 . . . . . 5 . . 1 . . . . 2 . . 2 . . 2 . . . . . . . . Parts Field Recycled . | . . . . . . . . . . . . . . . . . . . . . . . . . . . . . . . . . . . . . . . . Retrieved Matter . | . . . . . . . . . . . . . . . . . . . . . . . . . . . . . . . . . . . . . . . . Parts Self-Destructed . | . . . . . . . . . . . . . . . . . . . . . . . . . . . . . . . . . . . . . . . . Prevented . | . . . . . . . . . . . . . . . . . . . . . . . . . . . . . . . . . . . . . . . . Kills | -11 -10 -10 -9 -9 -9 -8 -8 -8 -8 -8 -7 -7 -6 -6 -6 -6 -6 -6 -5 -5 -5 -5 -5 -5 -4 -4 -4 -3 -3 -3 -2 -2 -2 -2 -1 -1 -1 -1 -1 ------- Run | Jun Mat Min Mat Min Exi Min Mat Gar Mat Gar Fac Gar Fac Was Fac Gar Fac Gar Fac Ext Cet Arc Hub Gar Fac Arm Lab Res Qua Gar Res Tes Sec Gar Acc Gar Acc Com Ac0 Combat Hostiles Destroyed 922 | . 2 7 21 5 1 7 35 19 20 20 22 14 . 6 1 11 19 18 5 12 . . 16 2 2 51 . 20 19 14 17 32 52 18 7 36 111 246 34 Melee 7 | . . . . . . . . . . . 4 . . . . . . . . . . . . . . . . . . . . . . . . . 1 2 . Guns 106 | . . 1 16 1 1 1 21 9 14 7 4 . . . 1 6 10 2 . . . . . . . 1 . . . . . . 4 . . 7 . . . Cannons 594 | . . . . . . . . . . . 3 12 . 5 . 3 4 11 3 11 . . 16 2 . 16 . 15 7 7 8 20 34 17 7 22 109 228 34 AOE 107 | . 2 6 5 4 . 6 14 10 4 12 10 . . . . 1 2 4 . . . . . . . 15 . . . . . . . . . . . 12 . Classes Destroyed 31 | 2 2 2 4 . 2 . 3 2 . . 2 . . 1 . 1 . . . . . . 1 . . 3 . . 1 . . 1 3 . . . 1 . . Worker 41 | . . . 2 . . 1 2 . 3 . . . . . . . . . 1 . . . 5 . . . . . . . 1 . 3 . . . 4 19 . Builder 22 | . . . . . . . 3 . . . 3 . . . . . 2 . 1 . . . . . 2 . . 1 . . . 3 3 . . . 4 . . Tunneler 10 | 7 . . . . . . . . . . 1 . . . . . . . . . . . . . . . . 1 . . . . . . . . 1 . . Hauler 13 | . . . 4 . . . 2 . 4 . 2 . . . . . 1 . . . . . . . . . . . . . . . . . . . . . . Recycler 31 | 1 . 1 6 1 . . 6 . . . 4 . . . . . 2 . 1 . . . . . 1 . . 2 2 . 2 . 1 . . . . 1 . Carrier 31 | . . . . . . . . . . . . . . . . . . . . . . . . . . . . . . . . . 2 . . . 14 15 . Mechanic 16 | . . . . . . . . . . . . . . . . . . . . . . . . . . . . . . . . . 2 . . . 7 7 . Operator 5 | . . . . . . . . . . . 1 . . . . . 1 . . . . 1 . . . 1 . . . . . . . . . . . 1 . Turret 1 | . . . . . 1 . . . . . . . . . . . . . . . . . . . . . . . . . . . . . . . . . . Watcher 44 | . 2 . 5 . . . 4 . 3 . 2 . . . 2 . 2 . . . . . 1 . 1 4 . 1 . . 2 3 3 . 1 . . 8 . Swarmer 101 | . . 3 3 . . 3 . 6 6 6 3 2 . . . 6 4 9 . . . . . . . 5 . 4 . . 5 . 4 4 . 17 . 11 . Cutter 16 | . . . . . . . . 2 . . . . . . . . . . . . . . . 1 . . . . . . . . . . . 5 . 8 . Saboteur 9 | . . . . . . . . . . . . . . . . . . . . . . . . . . 2 . . . . . . . . . 1 3 3 . Grunt 309 | . 2 2 10 5 . 3 29 3 9 7 9 6 . . . 2 6 6 . 7 . . 2 . . 12 . 6 1 6 5 9 16 3 3 5 34 101 . Brawler 42 | . . . 1 . . . . . . 1 . 3 . . . . . . . . . . . . . 2 . . . 2 . . . . . . 8 25 . Duelist 37 | . . . . . . . 1 4 . . 1 1 . . . . 1 . . . . . . . . 5 . . . 1 . . 1 . . 1 2 19 . Protector 20 | . . . . . . . . . . . . . . . . . . . . . . . 1 . . . . . . . . . 1 . 1 . 9 8 . Researcher 4 | . . . . . . . . . . . . . . . . . . . . . . . . . . . . . . . . 1 3 . . . . . . Sentry 60 | . . . 7 . . . 4 3 5 3 2 1 . . . 1 1 2 . 3 . . 4 . 2 5 . 3 . . 2 . 3 . . 2 . 7 . Demolisher 8 | . . . . . . . . . . . . . . . . . . . . . . . . . . 1 . . . . . . . . . . 7 . . Specialist 11 | . . . . . . . . . . . 2 . . . . . . . . . . . . . . 2 . 1 . . 2 . . . . . 4 . . Hunter 70 | . . . . . . . 1 . . 3 . . . . 1 . 3 . 3 . . . . . . 5 . . 2 . 2 8 5 4 1 . 4 28 . Programmer 157 | . . . . . . . . 1 . . 5 1 . . . 2 4 1 2 2 . . 8 1 . 9 . 7 7 5 . 14 15 6 2 4 26 35 . Heavy 6 | . . . . . . . . . . . . . . . . . . . . . . . . . . 2 . 1 . . 1 . . . . . . 2 . Behemoth 8 | . . . . . . . . . . . . . . . . 1 . . . . . . 1 . . 1 . . . 1 . . 1 1 . 1 . 1 . Compactor 6 | . . . . . . . . . . . . . . 6 . . . . . . . . . . . . . . . . . . . . . . . . . Quarantine Guard 9 | . . . . . . . . . . . . . . . . . . . . . . . . . . . . . 9 . . . . . . . . . . S7 Guard 1 | . . . . . . . . . . . . . . . . . . . . . . . . . . . . . . . . . 1 . . . . . . M Guard 1 | . . . . . . . . . . . . . . . . . . . . . . . . . . . . . . . . . . . . . . 1 . Enhanced Grunt 20 | . . . . . . . . . . . . . . . . . . . . . . . . . . . . . . . . . . . . . . . 20 Enhanced Sentry 2 | . . . . . . . . . . . . . . . . . . . . . . . . . . . . . . . . . . . . . . . 2 Enhanced Hunter 7 | . . . . . . . . . . . . . . . . . . . . . . . . . . . . . . . . . . . . . . . 7 Lightning 3 | . . . . . . . . . . . . . . . . . . . . . . . 1 . . 1 . . 1 . . . . . . . . . . Tracker 2 | . . . . . . . . . . . . . . . . . . . . . . . . . . . . . . . . . 2 . . . . . . Combat Programmer 2 | . . . . . . . . . . . . . . . . . . . . . . . . . . . . . . . . . 2 . . . . . . Striker 7 | . . . . . . . . . . . . . . . . . . . . . . . . . . . . . . . . . . . . . 7 . . Executioner 12 | . . . . . . . . . . . . . . . . . . . . . . . . . . . . . . . . . 2 . . . 9 1 . Alpha 7 1 | . . . . . . . . . . . . . . . . . . . . . . . . . . . . . 1 . . . . . . . . . . Protovariant X 1 | . . . . . . . . . . . . . . . . . . . . . . . . . . . . . . . . 1 . . . . . . . Zionite 9 | . . . . . 9 . . . . . . . . . . . . . . . . . . . . . . . . . . . . . . . . . . Assembled 2 | . . 2 . . . . . . . . . . . . . . . . . . . . . . . . . . . . . . . . . . . . . Thug 2 | . . . . . . . . . . . . 1 . . . . . . . . . 1 . . . . . . . . . . . . . . . . . Savage 1 | . . . . . . . . . . . . . . . . . . . . . . 1 . . . . . . . . . . . . . . . . . Guerrilla 1 | . . . . . . . . . . . . . . . . . . . . . 1 . . . . . . . . . . . . . . . . . . Best Kill Streak 57 | 4 3 3 9 2 5 4 11 8 14 11 8 4 . 2 2 4 10 5 3 2 . 1 5 1 2 10 . 6 3 4 5 4 13 5 4 5 22 57 6 Combat Bots Only 55 | . 2 3 5 2 1 3 8 8 10 11 7 4 . 2 1 4 10 5 2 2 . . 3 1 1 10 . 6 3 4 5 4 10 5 4 5 17 55 6 Max Kills in Single Turn 5 | 1 2 3 3 2 1 3 4 2 3 3 2 1 . 1 1 2 2 2 1 2 1 1 1 1 1 4 . 1 2 2 1 2 2 2 2 1 5 4 4 Gunslinging 1 | . . . . . . . . . 1 . . . . . . 1 . . . . . . . . . . . . . . . . . . . . . . . Exploded 4 | . 2 3 3 2 . 3 3 2 2 3 2 . . . . 1 1 2 . . . . . . . 4 . . . . . . . . . . . 4 . Melee 1 | . . . . . . . . . . . 1 . . . . . . . . . . . . . . . . . . . . . . . . . 1 1 . Uniques/NPCs Destroyed 14 | . . . . . 4 1 . . . . . . . . . . . . . . 2 . . . . . . . . . . . . . . . . 2 5 8R-AWN (-9/Exiles) EX-DEC (-9/Exiles) EX-BIN (-9/Exiles) EX-HEX (-9/Exiles) 12-ASH (-8/Mines) Revision 17 (-5/Cetus) A7 (-5/Cetus) MAIN.C Shell (-1/Command) MAIN.C (-1/Command) A8 (-1/Access_0) A6 (-1/Access_0) A5 (-1/Access_0) A4 (-1/Access_0) Architect (-1/Access_0) Combat | -11 -10 -10 -9 -9 -9 -8 -8 -8 -8 -8 -7 -7 -6 -6 -6 -6 -6 -6 -5 -5 -5 -5 -5 -5 -4 -4 -4 -3 -3 -3 -2 -2 -2 -2 -1 -1 -1 -1 -1 -------- Run | Jun Mat Min Mat Min Exi Min Mat Gar Mat Gar Fac Gar Fac Was Fac Gar Fac Gar Fac Ext Cet Arc Hub Gar Fac Arm Lab Res Qua Gar Res Tes Sec Gar Acc Gar Acc Com Ac0 Damage Taken 51216 | . 62 121 652 127 774 516 1245 1177 1073 1233 1239 587 . . 86 625 1221 615 503 912 . . 2302 207 333 5612 . 779 333 784 877 1388 2386 583 332 2417 1189 13657 5269 Core 2877 | . 18 18 23 2 37 75 117 75 107 142 168 68 . . . 88 83 94 29 75 . . 108 14 34 236 . 25 28 33 15 4 91 . 11 16 35 554 454 Absorbed by Shields 21865 | . . . 16 51 281 141 443 16 . 45 291 54 . . 31 128 426 133 184 334 . . 843 58 84 296 . 231 118 77 762 1425 1866 606 316 1308 1241 5064 4996 Reduced by Siege Mode 2960 | . . . . . . . . . . . . . . . . 47 16 4 19 . . . 99 4 . 689 . 22 12 . 12 60 40 16 3 200 71 1292 354 Redirected to Shielding 270 | . . . . . . . . . . . . . . . . . . . . . . . . . . . . . . . . . 19 . . . 15 128 108 Regen/Repaired (Parts) 9042 | . . . 79 . . . 135 . . . . . . . . . 378 . . . 11 . 380 19 40 . . 370 197 247 286 487 934 233 59 1080 497 1931 1679 Core Remaining (%) 70 | 100 . 85 . . . 65 . . . 19 . 66 . . . . . 68 . . . . . 77 . . 76 . . 93 . . . 76 . . . . 51 Volleys Fired 3776 | 20 5 9 69 7 93 18 115 52 64 33 79 44 1 153 17 79 118 53 35 75 52 43 100 46 42 220 28 181 128 134 73 195 285 62 38 157 186 476 191 Largest 3 | 2 2 2 2 2 2 2 2 2 2 2 2 2 1 1 2 2 2 2 2 2 2 1 2 2 1 1 1 1 1 1 1 2 1 1 1 1 2 2 3 Hottest 270 | 40 46 46 46 46 60 60 69 46 100 100 138 138 5 30 110 130 190 190 190 190 138 69 196 196 98 120 120 120 120 120 120 140 120 120 120 120 220 240 270 Shots Fired 4501 | 40 7 13 131 10 160 31 220 86 121 51 109 67 1 153 23 104 172 78 47 112 57 45 149 51 42 221 27 181 127 134 73 196 275 62 37 157 198 510 223 Gun 1144 | 40 4 9 126 6 160 26 206 74 120 41 50 . . . 12 46 96 18 . . . . . . . 13 . . . . . . 30 . . 59 . 8 . Cannon 2725 | . . . . . . . . . . . 36 58 . 114 11 18 61 46 44 82 11 6 120 16 32 192 27 174 98 87 71 168 226 60 34 92 166 452 223 Launcher 91 | . 3 4 5 4 . 5 14 12 1 10 10 . . . . . . 2 . . . . . . . 15 . . . . . . . . . . . 6 . Special 541 | . . . . . . . . . . . 13 9 1 39 . 40 15 12 3 30 46 39 29 35 10 1 . 7 29 47 2 28 19 2 3 6 32 44 . Kinetic 1335 | 40 4 9 126 6 160 26 206 74 42 14 38 . . . . . . . . . . . . . . . . . . . . 2 33 11 3 . 85 289 167 Thermal 1976 | . . . . . . . . . . . 19 2 . 146 11 43 62 46 29 82 48 37 136 44 11 112 27 130 78 87 37 142 171 49 31 92 80 168 56 Explosive 85 | . 3 4 5 4 . 5 14 12 1 10 10 . . . . . . 2 . . . . . . . 15 . . . . . . . . . . . . . Electromagnetic 839 | . . . . . . . . . 78 27 31 56 . . 12 46 96 18 15 . 9 6 . 2 21 93 . 44 44 34 34 37 58 . . 59 1 18 . Robot Hit Streak 87 | 9 4 6 15 8 19 6 14 21 18 12 18 22 11 18 11 30 40 12 19 33 11 11 23 8 11 81 . 87 32 53 39 44 21 13 18 22 44 77 81 Robot Miss Streak 9 | 3 1 2 4 . 4 4 8 1 3 4 3 1 . 2 3 3 2 4 2 4 3 1 3 2 1 1 . 2 3 2 2 1 3 9 3 3 6 8 3 Penetration Max 3 | . . . . . . . . . . . . . . . . . . . . . . . . . . 1 . . 1 1 1 1 2 2 1 . 3 3 2 Secondary Targets 14 | . . . 1 . . . 4 3 3 . 1 . . . . 1 . 1 . . . . . . . . . . . . . . . . . . . . . Max Gunslinging Chain 1 | . . . 1 . . . 1 1 1 . 1 . . . . 1 . 1 . . . . . . . . . . . . . . . . . . . . . Capacitor 1220 | . . . . . . . . . . . . . . . . . . . . . . . . 9 32 165 11 158 98 87 71 141 223 38 31 151 . 5 . Shots Hit Robots 3142 | 25 3 7 95 6 114 20 139 62 93 41 97 52 1 108 7 92 112 49 28 80 45 31 108 32 26 178 . 80 68 90 58 123 176 40 18 124 107 419 188 Core Hits 2694 | 9 5 11 50 12 34 20 103 34 49 51 49 20 . 21 5 36 51 28 10 31 17 14 34 7 4 92 . 31 31 26 24 44 122 39 9 51 368 1025 127 Critical Kills 457 | . . . 1 . 8 . . . . 2 . . . 1 . . . . . . . . . . 1 2 . 2 . 1 . 1 29 11 4 1 135 239 19 Critical Parts Destroyed 577 | . 1 . . . 7 6 2 . . 1 4 . . . . . . . . . . . . . . . . . . . . 4 47 16 1 . 150 328 10 Critical Strikes 1158 | . 1 . 2 . 16 6 2 . . 3 7 . . 1 . 3 1 1 . . 1 4 1 . 1 4 . 4 11 7 6 13 85 27 5 2 302 596 46 Meltdown 13 | . . . . . . . . . . . . . . 1 . . . . . . . . . . 1 2 . 2 . 1 . . 2 1 . 1 1 1 . Destroy 1063 | . . . 1 . 15 6 2 . . 3 4 . . . . . . . . . . . . . . . . . . . . 5 74 26 5 . 301 589 32 Blast 20 | . . . . . . . . . . . . . . . . . . . . . . . . . . . . . . . . . . . . . . 6 14 Corrupt 41 | . . . . . . . . . . . . . . . . . 1 1 . . . . . . . 2 . 2 7 6 6 7 8 . . 1 . . . Smash 1 | . 1 . . . . . . . . . . . . . . . . . . . . . . . . . . . . . . . . . . . . . . Sever 17 | . . . 1 . 1 . . . . . 3 . . . . . . . . . 1 4 1 . . . . . 4 . . 1 1 . . . . . . Impale 3 | . . . . . . . . . . . . . . . . 3 . . . . . . . . . . . . . . . . . . . . . . . Melee Attacks 281 | . 7 . 7 6 7 2 8 15 4 11 77 16 4 . . 32 6 . . . . . . . . 10 . . 2 . 1 1 3 . 1 1 . 59 1 Impact 7 | . 7 . . . . . . . . . . . . . . . . . . . . . . . . . . . . . . . . . . . . . . Slashing 210 | . . . 7 6 7 2 8 15 4 11 77 7 . . . . . . . . . . . . . . . . 2 . 1 1 3 . 1 1 . 56 1 Piercing 61 | . . . . . . . . . . . . 9 4 . . 32 6 . . . . . . . . 10 . . . . . . . . . . . . . Sneak Attacks 23 | . . . 2 1 . 1 2 . . . 13 . . . . . 2 . . . . . . . . . . . . . . . . . . . . 2 . Combat Hostiles . | . . . . . . . . . . . . . . . . . . . . . . . . . . . . . . . . . . . . . . . . Follow-up Attacks . | . . . . . . . . . . . . . . . . . . . . . . . . . . . . . . . . . . . . . . . . Damage Inflicted 120339 | 325 266 331 1872 452 2055 988 4119 1625 2333 2647 4025 1264 . 2493 176 2774 2797 1759 949 2367 1020 615 3707 705 733 8847 . 2955 3013 2763 2710 5777 6931 1725 746 4800 2746 21761 13168 Guns 15030 | 325 25 98 1475 72 1648 315 1997 947 1803 640 658 . . . 176 541 1696 248 . . . . . . . 271 . . . . . . 670 . . 1334 . 91 . Cannons 75278 | . . . . . . . . . . . 440 1138 . 2186 . 773 654 1074 897 2350 292 184 3107 343 573 5689 . 2955 2718 2226 2630 5515 5891 1725 659 3313 2728 12050 13168 Explosions 14925 | . 204 227 224 267 . 512 1936 678 530 2007 1238 51 . . . 105 177 437 . . . . 160 . 156 2887 . . . . . 39 176 . . 153 . 2761 . Melee 10721 | . 37 . 127 86 372 113 140 . . . 1652 75 . . . 1090 156 . . . . . . . . . . . . . . . . . 87 . . 6786 . Ramming 912 | . . 6 46 27 35 48 46 . . . 12 . . . . . 104 . 52 17 . . 241 . 4 . . . . . 80 45 125 . . . 18 6 . Kinetic 30769 | 325 25 98 1475 72 1648 315 1997 947 422 184 431 . . . . . . . . . . . . . . . . . . . . 62 541 134 32 . 2102 8715 11244 Thermal 44401 | . . . . . . 79 . . 389 113 245 84 . 2493 . 1143 841 1074 468 2350 728 431 3366 705 188 3032 . 1557 1448 1754 1048 3565 4189 1591 627 3466 626 4877 1924 Explosive 10513 | . 204 227 224 267 . 433 1936 678 141 1894 1073 . . . . . . 437 . . . . . . . 2823 . . . . . . 176 . . . . . . Electromagnetic 23023 | . . . . . . . . . 1381 456 612 1105 . . 176 541 1696 248 429 . 292 184 100 . 541 2992 . 1398 1565 1009 1582 2105 1900 . . 1334 . 1377 . Impact 37 | . 37 . . . . . . . . . . . . . . . . . . . . . . . . . . . . . . . . . . . . . . Slashing 9438 | . . . 127 86 372 113 140 . . . 1652 75 . . . . . . . . . . . . . . . . . . . . . . 87 . . 6786 . Piercing 1246 | . . . . . . . . . . . . . . . . 1090 156 . . . . . . . . . . . . . . . . . . . . . . Highest Corruption 39 | . . . . . . . . 2 4 5 20 20 . . . . 1 1 2 4 4 4 15 16 1 36 36 . 32 36 1 5 36 39 5 8 13 15 . Average Corruption 11 | . . . . . . . . 1 2 4 8 20 . . . . 1 1 2 3 4 3 10 15 1 16 36 . 4 33 1 3 18 37 4 5 11 11 . Corruption Purged 22 | . . . . . . . . . . . . . . . . . 3 . . . . 4 . . . . . . . . . . . . . . . 15 . Corruption Blocked 60 | . . . . . . . . . . . . . . . . . . . . . . . . . . . . . . . . 20 40 . . . . . . Effects 1844 | . . . . . . . . 23 12 33 96 56 . . . . 13 11 2 47 19 9 58 59 1 88 34 . 27 116 . 68 122 59 8 54 272 557 . Message Errors 452 | . . . . . . . . 5 1 4 22 14 . . . . 2 5 . 13 6 . 22 14 . 23 9 . 4 30 . 15 25 16 1 8 70 143 . Matter Fused 462 | . . . . . . . . 12 4 8 24 11 . . . . 5 3 . 13 5 2 14 15 . 20 8 . 8 22 . 19 27 14 3 14 74 137 . Heat Flow Errors 213 | . . . . . . . . 1 1 5 11 5 . . . . . . . 8 1 1 2 9 . 6 5 . 5 18 . 11 20 11 2 9 20 62 . Energy Discharges 205 | . . . . . . . . 4 1 6 10 7 . . . . 2 1 . 1 2 2 6 8 . 11 2 . 3 15 . 5 15 4 . 3 34 63 . Parts Rejected 17 | . . . . . . . . . 1 1 . 3 . . . . . . . . . . 2 . . 1 . . . . . . 3 . . . 1 5 . Parts Fused 24 | . . . . . . . . . . . 1 1 . . . . . . . 1 . . 1 2 . 1 . . 1 1 . 2 1 . 1 2 3 6 . Data Loss (minor) 206 | . . . . . . . . . 2 5 19 8 . . . . 3 2 1 3 1 2 5 3 1 9 7 . 1 8 . 7 12 3 . 8 32 64 . Data Loss (major) 97 | . . . . . . . . 1 2 1 6 4 . . . . . . . 1 2 . 2 1 . 6 2 . 2 6 . 4 5 3 . 4 14 31 . Misfires 68 | . . . . . . . . . . 2 1 . . . . . 1 . . 4 1 2 1 4 . 5 . . . 6 . 2 1 4 . 1 13 20 . Alerts 44 | . . . . . . . . . . 1 . 1 . . . . . . 1 2 1 . 2 3 . 1 . . 2 3 . . 2 . . 4 7 14 . Misdirections 2 | . . . . . . . . . . . . . . . . . . . . . . . . . . 1 . . . 1 . . . . . . . . . Weapon Failures 54 | . . . . . . . . . . . 2 2 . . . . . . . 1 . . 1 . . 4 1 . 1 6 . 3 11 4 1 1 4 12 . Overload Shots 27 | . . . . . . . . . . . 5 1 . . 3 . 3 2 . 11 2 . . . . . . . . . . . . . . . . . . Effects 2 | . . . . . . . . . . . . . . . . . . . . 1 1 . . . . . . . . . . . . . . . . . . Heat Surge 1 | . . . . . . . . . . . . . . . . . . . . . 1 . . . . . . . . . . . . . . . . . . Short Circuit 1 | . . . . . . . . . . . . . . . . . . . . 1 . . . . . . . . . . . . . . . . . . . Overflow Damage 3848 | . 37 . 23 56 . 1 54 30 68 5 633 . . . . 158 148 49 40 25 38 . 128 40 30 170 . 71 82 57 54 471 361 58 17 13 38 711 182 Projectiles 2163 | . . . . . . . . . . . 18 . . . . 3 57 . 33 25 38 . 110 40 30 127 . 71 82 57 50 471 338 58 17 13 38 305 182 Explosions 376 | . . . 23 . . 1 54 30 68 5 69 . . . . 2 . 49 . . . . . . . 43 . . . . . . . . . . . 32 . Melee 1309 | . 37 . . 56 . . . . . . 546 . . . . 153 91 . 7 . . . 18 . . . . . . . 4 . 23 . . . . 374 . Knockbacks 197 | . . . . . . 1 . . . . . . . . . . . . . . . . . . 1 . . . . . . . 27 8 . . 9 85 66 Impact 3 | . . . . . . 1 . . . . . . . . . . . . . . . . . . 1 . . . . . . . . . . . . 1 . Kinetic 192 | . . . . . . . . . . . . . . . . . . . . . . . . . . . . . . . . . 27 8 . . 9 82 66 Secondary 2 | . . . . . . . . . . . . . . . . . . . . . . . . . . . . . . . . . . . . . . 2 . Self-Inflicted Damage 1331 | . . . 31 71 . . . . 242 122 169 54 . . . . . . . . . . 92 . 49 168 . . . . . . 119 . . 75 . 139 . Shots 36 | . . . 2 3 . . . . 4 4 4 1 . . . . . . . . . . 2 . 1 7 . . . . . . 1 . . 1 . 6 . Rammed 70 | . . 2 6 3 10 8 2 . . . . . . . . . 8 . 3 4 . . 12 . 1 . . . . . 4 3 3 . . . . 1 . Targets Rammed 84 | . . 2 9 4 10 8 4 . . . 1 . . . . . 8 . 4 4 . . 14 . 1 . . . . . 5 4 4 . . . 1 1 . Kicked . | . . . . . . . . . . . . . . . . . . . . . . . . . . . . . . . . . . . . . . . . Crushed 14 | . . . 3 1 . . 2 . . . 1 . . . . . . . 1 . . . 2 . . . . . . . 1 1 1 . . . 1 . . Highest Temperature 432 | . 4 18 54 14 16 15 24 82 151 209 271 279 . 165 327 162 194 258 198 233 169 264 432 277 195 431 405 358 272 216 204 373 336 304 231 273 178 178 158 Average Temperature 116 | . 3 9 16 5 6 8 7 23 74 71 61 72 . 48 89 37 47 86 42 70 43 118 97 96 69 110 120 76 80 45 51 87 81 99 82 93 172 88 30 Received Heat Transfer 5064 | . 33 33 251 54 . 37 569 332 351 303 193 150 . . . 134 112 119 . 206 . . 192 18 15 582 . 50 27 57 73 56 116 24 4 36 88 807 42 Effects 16 | . . . . . . . . . . . 1 . . . 1 . . . . . . . 2 2 . 2 2 . . . . 2 2 1 . 1 . . . Shutdowns 5 | . . . . . . . . . . . . . . . . . . . . . . . 2 . . 1 2 . . . . . . . . . . . . Energy Bleed 5 | . . . . . . . . . . . 1 . . . 1 . . . . . . . . . . . . . . . . . 2 1 . . . . . Interference 5 | . . . . . . . . . . . . . . . . . . . . . . . . 2 . . . . . . . 2 . . . 1 . . . Damage (minor) 1 | . . . . . . . . . . . . . . . . . . . . . . . . . . 1 . . . . . . . . . . . . . Siege Activations 80 | . . . . . . . . . . . . . . . . 6 1 1 3 . . . 6 1 . 10 . 3 1 1 1 4 5 3 1 4 5 11 13 Total Turns 4983 | . . . . . . . . . . . . . . . . 87 17 13 33 . . . 140 8 . 181 . 55 12 5 12 48 39 20 4 51 1452 2630 176 Longest Duration 2281 | . . . . . . . . . . . . . . . . 24 17 13 17 . . . 43 8 . 76 . 38 12 5 12 34 27 8 4 38 912 2281 50 Robots Corrupted 102 | . . . . . . . . . 2 1 2 2 . . . 1 4 1 2 . 1 . . . 4 17 . 5 11 6 9 13 12 . . 6 . 3 . Combat Hostiles 94 | . . . . . . . . . 2 1 1 2 . . . 1 3 1 2 . . . . . 2 17 . 4 11 6 9 12 11 . . 6 . 3 . Parts Fried 210 | . . . . . . . . . 11 3 6 10 . . 2 . 22 . 5 . 4 1 1 . 6 21 . 24 18 10 13 19 14 . . 13 . 7 . Impact Corruptions 6 | . 1 . . . . . . . . . . . . . . . 1 . 1 . . . 1 . . . . . . . 1 . 1 . . . . . . Robots Melted 17 | . . . . . . . . . . . . . . 1 . . . . . 1 . . . . 1 2 . 2 2 1 . . 3 1 . 1 1 1 . Combat Hostiles 14 | . . . . . . . . . . . . . . 1 . . . . . 1 . . . . . 2 . 1 1 1 . . 3 1 . 1 1 1 . Parts Melted 126 | . . . . . . 1 . . . . 1 . . 4 . 1 2 6 2 7 . 1 5 1 3 12 . 10 14 6 1 6 11 7 1 7 7 10 . Heat Transferred 44514 | . . . . . . 100 . . 400 150 298 87 . 3996 . 1821 997 1322 575 3010 1109 1147 1923 1264 200 3710 . 1221 1517 2109 925 2960 3384 1221 481 2383 518 4007 1679 Parts Sabotaged . | . . . . . . . . . . . . . . . . . . . . . . . . . . . . . . . . . . . . . . . . Parts Stolen . | . . . . . . . . . . . . . . . . . . . . . . . . . . . . . . . . . . . . . . . . Parts Stripped . | . . . . . . . . . . . . . . . . . . . . . . . . . . . . . . . . . . . . . . . . Power Chain Reactions 25 | . . . . . . . . . 4 2 2 1 . . . 1 3 . . . . . 2 . 1 1 . . . . . 1 . . . 2 . 5 . Missiles Intercepted 1 | . . . . . . . . . . . . . . . . . . . . . . . . . . . . . . . . . . . . . . 1 . Alert | -11 -10 -10 -9 -9 -9 -8 -8 -8 -8 -8 -7 -7 -6 -6 -6 -6 -6 -6 -5 -5 -5 -5 -5 -5 -4 -4 -4 -3 -3 -3 -2 -2 -2 -2 -1 -1 -1 -1 -1 ------- Run | Jun Mat Min Mat Min Exi Min Mat Gar Mat Gar Fac Gar Fac Was Fac Gar Fac Gar Fac Ext Cet Arc Hub Gar Fac Arm Lab Res Qua Gar Res Tes Sec Gar Acc Gar Acc Com Ac0 Peak Influence 11106 | 40 155 199 422 235 . 116 881 1223 953 1291 763 965 540 190 98 857 492 1032 545 463 1122 554 335 1668 1007 1390 . 403 421 2105 1595 897 1400 1702 1293 2383 7476 11106 . Initial 4784 | . 26 60 12 162 . . 20 575 596 619 677 252 506 189 5 . 449 189 541 217 175 448 . 136 875 469 . . 226 315 1183 897 342 1050 1020 874 1405 4784 . Average 2523 | 24 94 75 284 143 . 30 294 904 679 1063 285 652 516 49 42 339 342 519 461 149 755 183 184 915 771 952 . 138 208 1326 1348 367 668 1373 1120 1751 5753 8565 . Maximum Alert Level 5 | . . . 2 1 . . 3 4 3 4 3 3 2 . . 3 2 3 2 2 4 2 1 5 3 4 . 2 2 5 4 3 4 5 4 5 5 5 . Low Security (%) 22 | 100 100 100 14 55 . 100 38 . . . 53 . . 100 100 28 9 5 . 62 . 53 64 10 . . . 70 56 . . 27 12 . . . . . . Level 1 15 | . . . 77 44 . . 36 . . . 18 18 . . . 42 63 35 22 33 18 30 35 6 8 . . 29 42 3 . 33 8 . . . . . . Level 2 11 | . . . 8 . . . 12 23 65 7 19 22 100 . . 22 27 36 77 3 3 15 . 9 20 27 . . 1 23 . 32 35 . . . . . . Level 3 8 | . . . . . . . 12 54 34 30 8 58 . . . 6 . 22 . . 70 . . 50 70 20 . . . 2 . 6 23 16 56 10 . . . Level 4 7 | . . . . . . . . 22 . 62 . . . . . . . . . . 6 . . 12 . 51 . . . 26 100 . 20 65 43 22 7 . . Level 5 10 | . . . . . . . . . . . . . . . . . . . . . . . . 11 . . . . . 43 . . . 18 . 66 12 28 . High Security 22 | . . . . . . . . . . . . . . . . . . . . . . . . . . . . . . . . . . . . . 80 71 . Max Security . | . . . . . . . . . . . . . . . . . . . . . . . . . . . . . . . . . . . . . . . . Sterilizations 1 | . . . . . . . . . . . . . . . . . . . . . . . . . . . . . . . . . . . . . 1 . . Squads Dispatched 180 | . . 1 2 . . . 7 . 5 . 12 . 1 . . . 8 . 4 1 . . 5 . 3 7 . 4 3 . 4 9 18 . 2 . 45 39 . Investigation 12 | . . 1 2 . . . 1 . . . 1 . . . . . . . 3 1 . . . . . . . . 2 . . 1 . . . . . . . Extermination 37 | . . . . . . . . . . . 6 . . . . . 4 . 1 . . . 4 . . 4 . 2 1 . . 5 5 . . . 1 4 . Reinforcement 27 | . . . . . . . 2 . 2 . 2 . 1 . . . 4 . . . . . 1 . 1 1 . 2 . . 1 1 6 . . . . 3 . Assault 88 | . . . . . . . 1 . . . . . . . . . . . . . . . . . 2 2 . . . . 2 2 4 . 2 . 41 32 . Garrison 13 | . . . . . . . 3 . 3 . 3 . . . . . . . . . . . . . . . . . . . 1 . . . . . 3 . . Intercept 3 | . . . . . . . . . . . . . . . . . . . . . . . . . . . . . . . . . 3 . . . . . . Searches Triggered . | . . . . . . . . . . . . . . . . . . . . . . . . . . . . . . . . . . . . . . . . Construction Impeded 3 | . . . . . . . 1 . 1 . . . . . . . 1 . . . . . . . . . . . . . . . . . . . . . . Haulers Reinforced 2 | . . . . . . . . . . . . . . . . . 1 . . . . . . . . . . . . . . . 1 . . . . . . Active Scanning Responses . | . . . . . . . . . . . . . . . . . . . . . . . . . . . . . . . . . . . . . . . . Cargo Convoy Interrupts . | . . . . . . . . . . . . . . . . . . . . . . . . . . . . . . . . . . . . . . . . Stealth | -11 -10 -10 -9 -9 -9 -8 -8 -8 -8 -8 -7 -7 -6 -6 -6 -6 -6 -6 -5 -5 -5 -5 -5 -5 -4 -4 -4 -3 -3 -3 -2 -2 -2 -2 -1 -1 -1 -1 -1 --------- Run | Jun Mat Min Mat Min Exi Min Mat Gar Mat Gar Fac Gar Fac Was Fac Gar Fac Gar Fac Ext Cet Arc Hub Gar Fac Arm Lab Res Qua Gar Res Tes Sec Gar Acc Gar Acc Com Ac0 Distress Signals 46 | . . . 5 1 . . 2 . 5 . . 1 . . . . . . . 2 2 . 2 . . 3 . . . . 1 . 1 . 1 . 1 19 . Communications Jammed 446 | . . . . . . . . . . . 3 4 . . . . 15 . 1 38 153 . 39 . 58 65 . 7 . . 29 2 30 . . . . 2 . Distress Signals 411 | . . . . . . . . . . . 2 4 . . . . 15 . . 38 153 . 38 . 58 56 . 1 . . 20 2 22 . . . . 2 . Times Spotted 1277 | . 5 7 29 7 12 6 48 15 25 18 33 23 . 5 3 16 37 28 6 23 18 12 39 21 13 63 . 29 16 30 26 44 81 17 13 50 126 265 68 Peak Tracking Total 49 | . 2 3 6 2 9 3 7 4 7 7 5 6 1 1 1 4 5 6 3 4 5 1 5 3 2 9 . 5 2 5 6 5 6 5 6 10 17 49 7 Tactical Retreats 48 | . . . . 2 3 . 2 . . 1 . . . . . . 5 1 . 1 . . . . . . . 1 . . 1 4 3 1 . 2 4 17 . Traps | -11 -10 -10 -9 -9 -9 -8 -8 -8 -8 -8 -7 -7 -6 -6 -6 -6 -6 -6 -5 -5 -5 -5 -5 -5 -4 -4 -4 -3 -3 -3 -2 -2 -2 -2 -1 -1 -1 -1 -1 ------- Run | Jun Mat Min Mat Min Exi Min Mat Gar Mat Gar Fac Gar Fac Was Fac Gar Fac Gar Fac Ext Cet Arc Hub Gar Fac Arm Lab Res Qua Gar Res Tes Sec Gar Acc Gar Acc Com Ac0 Traps Triggered 64 | . . . . . . . . 4 1 3 1 4 1 . . 6 6 5 . 2 . . . 5 . 1 . . 1 5 1 1 1 3 . 6 3 4 . Indirectly . | . . . . . . . . . . . . . . . . . . . . . . . . . . . . . . . . . . . . . . . . Trap Hack Attempts . | . . . . . . . . . . . . . . . . . . . . . . . . . . . . . . . . . . . . . . . . Triggered . | . . . . . . . . . . . . . . . . . . . . . . . . . . . . . . . . . . . . . . . . Disarmed . | . . . . . . . . . . . . . . . . . . . . . . . . . . . . . . . . . . . . . . . . Reprogrammed 4 | . . . . . . . . . . . . . . . . . . . . . . . . . . . . . 4 . . . . . . . . . . Reused . | . . . . . . . . . . . . . . . . . . . . . . . . . . . . . . . . . . . . . . . . Traps Extracted . | . . . . . . . . . . . . . . . . . . . . . . . . . . . . . . . . . . . . . . . . Installed . | . . . . . . . . . . . . . . . . . . . . . . . . . . . . . . . . . . . . . . . . Triggered 3 | . . . . . . . . . . . . . . . . . . . . . . . . . . . . . 1 . 2 . . . . . . . . Exploded 3 | . . . . . 3 . . . . . . . . . . . . . . . . . . . . . . . . . . . . . . . . . . Machines | -11 -10 -10 -9 -9 -9 -8 -8 -8 -8 -8 -7 -7 -6 -6 -6 -6 -6 -6 -5 -5 -5 -5 -5 -5 -4 -4 -4 -3 -3 -3 -2 -2 -2 -2 -1 -1 -1 -1 -1 ---------- Run | Jun Mat Min Mat Min Exi Min Mat Gar Mat Gar Fac Gar Fac Was Fac Gar Fac Gar Fac Ext Cet Arc Hub Gar Fac Arm Lab Res Qua Gar Res Tes Sec Gar Acc Gar Acc Com Ac0 Machines Disabled 175 | . . 1 3 . 14 2 5 2 3 2 3 6 . . . 1 9 6 2 10 2 2 6 3 4 11 1 4 12 7 . 11 13 3 . 6 9 6 6 Max in Single Turn 2 | . . 1 1 . 1 2 2 1 1 1 1 1 . . . 1 1 1 1 1 1 . 1 1 2 2 1 1 1 1 . 2 1 1 . 1 1 2 1 Garrison Access 10 | . . . . . . . . . . . 1 . . . . . . . . . . . . . 1 . . 1 . . 1 1 . . . . 5 . . Garrison Relay 19 | . . . . . . . . 2 . 2 . 2 . . . 1 . 2 . . . . . 2 . . . . . 3 . . . 2 . 3 . . . Phase Generator 1 | . . . . . . . . . . . . . . . . . . . . . . . . . . . . . . . . . . . . . . 1 . Network Hub 4 | . . . . . . . . . . . . . . . . . . . . . . . 4 . . . . . . . . . . . . . . . . Machines Repaired . | . . . . . . . . . . . . . . . . . . . . . . . . . . . . . . . . . . . . . . . . Machines Sabotaged . | . . . . . . . . . . . . . . . . . . . . . . . . . . . . . . . . . . . . . . . . Overloaded Fab Kills . | . . . . . . . . . . . . . . . . . . . . . . . . . . . . . . . . . . . . . . . . Hacking | -11 -10 -10 -9 -9 -9 -8 -8 -8 -8 -8 -7 -7 -6 -6 -6 -6 -6 -6 -5 -5 -5 -5 -5 -5 -4 -4 -4 -3 -3 -3 -2 -2 -2 -2 -1 -1 -1 -1 -1 --------- Run | Jun Mat Min Mat Min Exi Min Mat Gar Mat Gar Fac Gar Fac Was Fac Gar Fac Gar Fac Ext Cet Arc Hub Gar Fac Arm Lab Res Qua Gar Res Tes Sec Gar Acc Gar Acc Com Ac0 Machines Accessed 170 | . 4 1 8 . 2 . 13 3 2 2 16 2 2 . 2 2 10 3 6 15 1 . 7 4 2 10 . 4 18 2 3 13 4 3 2 2 . 2 . Terminals 115 | . 3 . 4 . . . 8 3 . 2 6 2 1 . 1 2 6 3 5 15 1 . 6 4 1 7 . 2 12 2 1 8 3 3 . 2 . 2 . Fabricators 11 | . . . . . . . . . . . 4 . 1 . . . . . . . . . . . 1 2 . . . . 1 2 . . . . . . . Repair Stations 12 | . 1 . 2 . . . 1 . . . 2 . . . . . 2 . 1 . . . . . . . . 1 2 . . . . . . . . . . Recycling Units 9 | . . . 2 . . . 1 . 1 . 2 . . . . . 1 . . . . . . . . 1 . . . . 1 . . . . . . . . Scanalyzers 8 | . . . . . . . 2 . . . . . . . . . . . . . . . . . . . . . 3 . . 2 . . 1 . . . . Garrison Access 12 | . . . . . . . 1 . 1 . 2 . . . 1 . 1 . . . . . 1 . . . . 1 1 . . 1 1 . 1 . . . . Total Hacks 528 | . 10 1 17 . 2 . 34 5 4 4 33 6 6 . 2 2 28 4 16 35 1 . 21 21 12 46 . 14 71 4 18 62 19 16 4 4 . 6 . Successful 175 | . 6 1 11 . 2 . 17 3 4 2 14 1 3 . 1 2 12 2 3 8 . . 4 3 6 6 . 7 24 1 2 19 5 3 2 . . 1 . Failed 352 | . 3 . 6 . . . 17 2 . 2 19 5 3 . 1 . 16 2 13 27 1 . 17 18 6 40 . 7 47 3 16 43 14 13 2 4 . 5 . Catastrophic 94 | . 1 . 1 . . . 2 1 . . 2 1 1 . 1 . 3 . 2 8 1 . 8 7 1 10 . 2 14 2 2 14 2 2 2 1 . 3 . Database Lockouts 1 | . 1 . . . . . . . . . . . . . . . . . . . . . . . . . . . . . . . . . . . . . . Manual 171 | . 6 . 9 . 1 . 9 1 . . 11 4 3 . . . 2 . 9 . 1 . 8 13 6 22 . 4 16 . 7 30 3 5 . . . 1 . Terminals 376 | . 8 . 10 . . . 21 5 . 4 12 6 4 . 1 2 10 4 13 35 1 . 19 21 5 36 . 10 53 4 8 41 17 16 . 4 . 6 . Fabricators 42 | . . . . . . . . . . . 10 . 2 . . . . . . . . . . . 7 6 . . . . 7 10 . . . . . . . Repair Stations 39 | . 2 . 5 . . . 4 . . . 2 . . . . . 14 . 3 . . . . . . . . 2 7 . . . . . . . . . . Recycling Units 19 | . . . 2 . . . 1 . 2 . 5 . . . . . 2 . . . . . . . . 4 . . . . 3 . . . . . . . . Scanalyzers 27 | . . . . . . . 7 . . . . . . . . . . . . . . . . . . . . . 9 . . 9 . . 2 . . . . Garrison Access 22 | . . . . . . . 1 . 2 . 4 . . . 1 . 2 . . . . . 2 . . . . 2 2 . . 2 2 . 2 . . . . Terminal Hacks 94 | . 5 1 5 . 2 . 10 3 . 2 2 1 2 . . 2 1 2 2 8 . . 3 3 2 3 . 4 14 1 1 8 3 3 . . . 1 . Record 2 | . . . . . 1 . . . . . . . . . . . . . . . . . . . . . . . 1 . . . . . . . . . . Part Schematic 2 | . . . . . . . 2 . . . . . . . . . . . . . . . . . . . . . . . . . . . . . . . . Robot Analysis 7 | . 2 . 3 . . . 2 . . . . . . . . . . . . . . . . . . . . . . . . . . . . . . . . Prototype ID Bank 2 | . . . . . . . 1 . . . . . . . . . . . . . . . . . . . . . 1 . . . . . . . . . . Open Door 11 | . . 1 . . . . . 1 . . . . . . . . . . 1 5 . . . 1 . . . . 1 . . 1 . . . . . . . Branch Access Points 3 | . . . . . . . . . . . . . . . . . . . 1 . . . . . 1 . . . . . 1 . . . . . . . . Emergency Access Points 8 | . 1 . . . . . . 1 . 1 . 1 . . . 1 . 1 . . . . . . . . . . 1 . . . . 1 . . . . . Terminal Index 3 | . . . . . . . . . . . 1 . . . . . . . . . . . . . . . . 1 1 . . . . . . . . . . Fabricator Index 2 | . . . . . . . . . . . . . 1 . . . . . . . . . . . . . . 1 . . . . . . . . . . . Repair Station Index 1 | . . . . . . . . . . . . . . . . . . . . . . . . . . . . 1 . . . . . . . . . . . Scanalyzer Index 1 | . . . . . . . . . . . . . . . . . . . . . . . . . . . . . . . . . . . . . . 1 . Unreport Threat 10 | . . . . . . . . . . . . . . . . . . . . 3 . . . . . 1 . . 2 . . 2 2 . . . . . . Locate Traps 10 | . 2 . 1 . . . 3 . . . 1 . . . . . . . . . . . 1 . . 1 . . 1 . . . . . . . . . . Reprogram Traps 1 | . . . . . . . . . . . . . . . . . . . . . . . . . . . . . 1 . . . . . . . . . . Maintenance Status 3 | . . . . . . . . . . . . . 1 . . . . . . . . . . . . . . . 1 . . 1 . . . . . . . Recall Assault 1 | . . . . . . . . . . . . . . . . . . . . . . . . . 1 . . . . . . . . . . . . . . Hauler Manifests 2 | . . . . . . . . . . . . . . . . . 1 . . . . . . . . . . . . . . . 1 . . . . . . Registered Components 1 | . . . . . . . . . . . . . . . . . . . . . . . . . . . . . . . . 1 . . . . . . . Zone Layout 14 | . . . 1 . . . 2 . . . . . . . . . . . . . . . 2 . . 1 . 1 4 . . 3 . . . . . . . Garrison Registry 3 | . . . . . . . . 1 . 1 . . . . . . . . . . . . . . . . . . . . . . . 1 . . . . . Patrol Navigation 3 | . . . . . . . . . . . . . . . . . . 1 . . . . . 1 . . . . . . . . . 1 . . . . . Security Stations 3 | . . . . . . . . . . . . . . . . 1 . . . . . . . 1 . . . . . 1 . . . . . . . . . EX-Prototype ID Bank 1 | . . . . . 1 . . . . . . . . . . . . . . . . . . . . . . . . . . . . . . . . . . Fabricator Hacks 4 | . . . . . . . . . . . 2 . . . . . . . . . . . . . 1 . . . . . . 1 . . . . . . . Network Status 3 | . . . . . . . . . . . 1 . . . . . . . . . . . . . 1 . . . . . . 1 . . . . . . . Load Schematic 1 | . . . . . . . . . . . 1 . . . . . . . . . . . . . . . . . . . . . . . . . . . . Repair Station Hacks 19 | . . . 4 . . . 3 . . . 1 . . . . . 7 . 1 . . . . . . . . . 3 . . . . . . . . . . Scan Component 12 | . . . 2 . . . 2 . . . 1 . . . . . 4 . 1 . . . . . . . . . 2 . . . . . . . . . . Repair 7 | . . . 2 . . . 1 . . . . . . . . . 3 . . . . . . . . . . . 1 . . . . . . . . . . Recycling Unit Hacks 6 | . . . . . . . . . 2 . 1 . . . . . 1 . . . . . . . . 2 . . . . . . . . . . . . . Process 2 | . . . . . . . . . 1 . . . . . . . . . . . . . . . . 1 . . . . . . . . . . . . . Retrieve Matter 2 | . . . . . . . . . 1 . . . . . . . . . . . . . . . . 1 . . . . . . . . . . . . . Retrieve Components 2 | . . . . . . . . . . . 1 . . . . . 1 . . . . . . . . . . . . . . . . . . . . . . Scanalyzer 8 | . . . . . . . 2 . . . . . . . . . . . . . . . . . . . . . 3 . . 3 . . . . . . . Insert Component 6 | . . . . . . . 1 . . . . . . . . . . . . . . . . . . . . . 3 . . 2 . . . . . . . Analyze 2 | . . . . . . . 1 . . . . . . . . . . . . . . . . . . . . . . . . 1 . . . . . . . Garrison Access Hacks 21 | . . . . . . . 1 . 2 . 4 . . . 1 . 2 . . . . . 1 . . . . 2 2 . . 2 2 . 2 . . . . Unlock Access 9 | . . . . . . . 1 . 1 . 1 . . . 1 . 1 . . . . . 1 . . . . . 1 . . . 1 . 1 . . . . Seal Access 3 | . . . . . . . . . . . 1 . . . . . . . . . . . . . . . . 1 . . . 1 . . . . . . . Coupler Status 9 | . . . . . . . . . 1 . 2 . . . . . 1 . . . . . . . . . . 1 1 . . 1 1 . 1 . . . . Unauthorized Hacks 23 | . 1 . 2 . . . 1 . . . 4 . 1 . . . 1 . . . . . . . 3 1 . 1 2 . 1 5 . . . . . . . Terminals 3 | . . . . . . . . . . . 1 . . . . . . . . . . . . . . 1 . . 1 . . . . . . . . . . Track 1 | . . . . . . . . . . . . . . . . . . . . . . . . . . . . . 1 . . . . . . . . . . Assimilate 1 | . . . . . . . . . . . 1 . . . . . . . . . . . . . . . . . . . . . . . . . . . . Disrupt 1 | . . . . . . . . . . . . . . . . . . . . . . . . . . 1 . . . . . . . . . . . . . Fabricators 11 | . . . . . . . . . . . 2 . 1 . . . . . . . . . . . 3 . . . . . 1 4 . . . . . . . Report 3 | . . . . . . . . . . . 1 . . . . . . . . . . . . . 1 . . . . . . 1 . . . . . . . Liberate 1 | . . . . . . . . . . . . . 1 . . . . . . . . . . . . . . . . . . . . . . . . . . Fabnet 3 | . . . . . . . . . . . . . . . . . . . . . . . . . 1 . . . . . . 2 . . . . . . . Haulers 4 | . . . . . . . . . . . 1 . . . . . . . . . . . . . 1 . . . . . 1 1 . . . . . . . Repair Stations 2 | . 1 . . . . . . . . . . . . . . . . . . . . . . . . . . 1 . . . . . . . . . . . Mechanics 2 | . 1 . . . . . . . . . . . . . . . . . . . . . . . . . . 1 . . . . . . . . . . . Recycling Units 5 | . . . 2 . . . 1 . . . 1 . . . . . 1 . . . . . . . . . . . . . . . . . . . . . . Reject 2 | . . . . . . . . . . . 1 . . . . . 1 . . . . . . . . . . . . . . . . . . . . . . Tunnel 3 | . . . 2 . . . 1 . . . . . . . . . . . . . . . . . . . . . . . . . . . . . . . . Scanalyzers 2 | . . . . . . . . . . . . . . . . . . . . . . . . . . . . . 1 . . 1 . . . . . . . Researchers 2 | . . . . . . . . . . . . . . . . . . . . . . . . . . . . . 1 . . 1 . . . . . . . Garrison Access . | . . . . . . . . . . . . . . . . . . . . . . . . . . . . . . . . . . . . . . . . Data Cores Recovered . | . . . . . . . . . . . . . . . . . . . . . . . . . . . . . . . . . . . . . . . . Used . | . . . . . . . . . . . . . . . . . . . . . . . . . . . . . . . . . . . . . . . . Hacking Detections 135 | . 4 . 6 . . . 11 2 1 1 13 2 2 . 2 . 10 2 5 11 1 . 7 3 2 10 . 3 14 2 3 8 3 2 1 2 . 2 . Full Trace Events 9 | . . . . . . . 1 . . . 1 1 . . . . . . 3 1 . . . . . . . . 1 . . 1 . . . . . . . Feedback Events 2 | . . . . . . . . . . . 1 . . . . . . . . . . . . . . . . . 1 . . . . . . . . . . Corruption 1 | . . . . . . . . . . . 1 . . . . . . . . . . . . . . . . . . . . . . . . . . . . Hackware Fried 1 | . . . . . . . . . . . . . . . . . . . . . . . . . . . . . 1 . . . . . . . . . . Feedback Blocked . | . . . . . . . . . . . . . . . . . . . . . . . . . . . . . . . . . . . . . . . . Robot Schematics Acquired 2 | . . . . . . . . . . . . . . . . . . . . . . . . . . . . . . . . 1 1 . . . . . . Robots Built . | . . . . . . . . . . . . . . . . . . . . . . . . . . . . . . . . . . . . . . . . Authchips . | . . . . . . . . . . . . . . . . . . . . . . . . . . . . . . . . . . . . . . . . Time . | . . . . . . . . . . . . . . . . . . . . . . . . . . . . . . . . . . . . . . . . Total Robot Build Rating . | . . . . . . . . . . . . . . . . . . . . . . . . . . . . . . . . . . . . . . . . Part Schematics Acquired 9 | . . . . . . . 3 . . . . . . . . . . . . . . . . . . . . . . . . 4 2 . . . . . . Parts Built . | . . . . . . . . . . . . . . . . . . . . . . . . . . . . . . . . . . . . . . . . Authchips . | . . . . . . . . . . . . . . . . . . . . . . . . . . . . . . . . . . . . . . . . Time . | . . . . . . . . . . . . . . . . . . . . . . . . . . . . . . . . . . . . . . . . Total Part Build Rating . | . . . . . . . . . . . . . . . . . . . . . . . . . . . . . . . . . . . . . . . . Parts Repaired 7 | . . . 2 . . . 1 . . . . . . . . . 3 . . . . . . . . . . . 1 . . . . . . . . . . Time 301 | . . . 52 . . . 53 . . . . . . . . . 168 . . . . . . . . . . . 28 . . . . . . . . . . Parts Recycled . | . . . . . . . . . . . . . . . . . . . . . . . . . . . . . . . . . . . . . . . . Recycled Matter 59 | . . . . . . . . . 56 . . . . . . . . . . . . . . . . 3 . . . . . . . . . . . . . Retrieved Matter 59 | . . . . . . . . . 56 . . . . . . . . . . . . . . . . 3 . . . . . . . . . . . . . Retrieved Components 2 | . . . . . . . . . . . . . . . . . 2 . . . . . . . . . . . . . . . . . . . . . . Parts Scanalyzed 2 | . . . . . . . 1 . . . . . . . . . . . . . . . . . . . . . . . . 1 . . . . . . . Part Schematics Acquired 2 | . . . . . . . 1 . . . . . . . . . . . . . . . . . . . . . . . . 1 . . . . . . . Parts Damaged 1 | . . . . . . . 1 . . . . . . . . . . . . . . . . . . . . . . . . . . . . . . . . Bothacking | -11 -10 -10 -9 -9 -9 -8 -8 -8 -8 -8 -7 -7 -6 -6 -6 -6 -6 -6 -5 -5 -5 -5 -5 -5 -4 -4 -4 -3 -3 -3 -2 -2 -2 -2 -1 -1 -1 -1 -1 ------------ Run | Jun Mat Min Mat Min Exi Min Mat Gar Mat Gar Fac Gar Fac Was Fac Gar Fac Gar Fac Ext Cet Arc Hub Gar Fac Arm Lab Res Qua Gar Res Tes Sec Gar Acc Gar Acc Com Ac0 Used RIF Installer 12 | . . . . . . . . 2 . 1 . 1 . . . 1 . 1 . . . . . 1 . . . . . 2 . . . 2 . 1 . . . Coupler Efficiency 2 | . . . . . . . . 1 . 1 . . . . . . . . . . . . . . . . . . . . . . . . . . . . . Code Merge 1 | . . . . . . . . . . . . . . . . . . 1 . . . . . . . . . . . . . . . . . . . . . Zone Cloak 1 | . . . . . . . . . . . . . . . . . . . . . . . . 1 . . . . . . . . . . . . . . . Robot Detection 1 | . . . . . . . . . . . . 1 . . . . . . . . . . . . . . . . . . . . . . . . . . . Watcher Feeds 1 | . . . . . . . . . . . . . . . . . . . . . . . . . . . . . . . . . . 1 . . . . . Patrol Navigation 1 | . . . . . . . . . . . . . . . . . . . . . . . . . . . . . . 1 . . . . . . . . . Structural Interface 1 | . . . . . . . . . . . . . . . . . . . . . . . . . . . . . . . . . . 1 . . . . . Program Shield 1 | . . . . . . . . . . . . . . . . 1 . . . . . . . . . . . . . . . . . . . . . . . Autoassimilate 1 | . . . . . . . . . . . . . . . . . . . . . . . . . . . . . . 1 . . . . . . . . . Crosswire 1 | . . . . . . . . . . . . . . . . . . . . . . . . . . . . . . . . . . . . 1 . . . Robots Hacked 185 | . . . . . . . . . . . 3 5 1 6 . 3 6 5 2 1 . 1 6 1 2 1 . 7 4 5 2 5 10 1 4 8 36 60 . Non-combat 30 | . . . . . . . . . . . 1 1 1 . . . 5 . 2 . . 1 5 . 2 . . 1 . . . 2 1 . . . 4 4 . Combat 155 | . . . . . . . . . . . 2 4 . 6 . 3 1 5 . 1 . . 1 1 . 1 . 6 4 5 2 3 9 1 4 8 32 56 . Autoassimilated 29 | . . . . . . . . . . . . . . . . . . . . . . . . . . . . . . . . . . . 2 1 7 19 . Robot Hacks Applied 148 | . . . . . . . . . . . 7 5 1 6 . 3 10 5 2 1 . 1 6 1 8 1 . 6 3 3 2 12 12 1 2 4 24 22 . parse_system 8 | . . . . . . . . . . . . . . . . 1 . . . 1 . . . . . 1 . . . . . . 2 . . . 1 2 . generate_echo 2 | . . . . . . . . . . . 1 . . . . . . . . . . . . . . . . . . . . . 1 . . . . . . map_walls 1 | . . . . . . . . . . . . . . . . . . . 1 . . . . . . . . . . . . . . . . . . . . drop_inventory 9 | . . . . . . . . . . . . . 1 . . . 2 . 1 . . . 3 . . . . . . . . 1 . . . . 1 . . find_station 1 | . . . . . . . . . . . . . . . . . . . . . . . . . . . . . . . . . . . . . . 1 . purge_threat 26 | . . . . . . . . . . . 4 . . . . . 6 . . . . . 1 . 6 . . 1 . . . 7 1 . . . . . . map_route 1 | . . . . . . . . . . . . . . . . . . . . . . . 1 . . . . . . . . . . . . . . . . disable_scanner 1 | . . . . . . . . . . . . . . . . . . . . . . . . . . . . . . . . 1 . . . . . . . ignore_targets 6 | . . . . . . . . . . . . . . 6 . . . . . . . . . . . . . . . . . . . . . . . . . focus_fire 1 | . . . . . . . . . . . . . . . . . . . . . . . . . . . . . . . . . . . . . 1 . . scatter_targeting 5 | . . . . . . . . . . . . 1 . . . . . 1 . . . . . . . . . . . . . . . . . . 3 . . disrupt_area 1 | . . . . . . . . . . . . . . . . . . . . . . . . . . . . . . . . . . . . . 1 . . spike_heat 1 | . . . . . . . . . . . . . . . . . . . . . . . . . . . . 1 . . . . . . . . . . . overload_power 2 | . . . . . . . . . . . . . . . . . . . . . . . . . . . . . . . . . . . 1 1 . . . amplify_resonance 27 | . . . . . . . . . . . . 1 . . . 1 . 2 . . . . . . . . . . . . 1 . 3 1 . . 7 11 . reboot_system 5 | . . . . . . . . . . . . . . . . . . . . . . . . 1 . . . . . . 1 . 3 . . . . . . overwrite_iff 9 | . . . . . . . . . . . . . . . . 1 . . . . . . . . . . . 1 . . . . 1 . 1 1 3 1 . formatsys_low 11 | . . . . . . . . . . . . . . . . . 1 . . . . 1 . . 2 . . 1 . . . 1 . . . . 2 3 . formatsys_high 30 | . . . . . . . . . . . 2 3 . . . . 1 2 . . . . 1 . . . . 2 3 3 . 2 1 . . 2 4 4 . formatsys_deep 1 | . . . . . . . . . . . . . . . . . . . . . . . . . . . . . . . . . . . . . 1 . . Relay Couplers Released 100 | . . . . . . . . 8 . 7 3 6 . . . 8 . 6 . . . . . 9 2 . . 3 8 12 . 2 4 9 . 10 3 . . Machine Destruction 85 | . . . . . . . . 8 . 7 3 6 . . . 5 . 6 . . . . . 9 2 . . 3 . 12 . 2 . 9 . 10 3 . . Programmers 15 | . . . . . . . . . . . . . . . . 3 . . . . . . . . . . . . 8 . . . 4 . . . . . . Attached 44 | . . . . . . . . . . . 3 3 . . . 1 3 1 1 . . . 2 2 1 . . 2 6 . 1 3 3 . 1 5 2 4 . Crosswired 6 | . . . . . . . . . . . . . . . . . . . . . . . . . . . . . . . . . . . . 6 . . . Merged Code Value 152 | . . . . . . . . . . . . . . . . . . . . . . . . 15 . . . . . 40 . . 11 13 . 73 . . . Fabnet Peak Effective % 6 | . . . . . . . . . . . . . . . . . . . . . . . . . . . . 3 3 3 1 1 1 1 6 6 6 6 6 Autooverrided 40 | . . . . . . . . . . . . . . . . . . . . . . . . . . . . 2 1 2 . . 2 . . 4 9 20 . Robots Rewired 24 | . . . . . . . . . . . . . . . . 4 . . . 12 . . . 2 . . . . . 6 . . . . . . . . . Allies Hacked 6 | . . . . . . . . . . . . . . . . . 1 . . . . . . . . . . . . 1 . . . . . 1 . 3 . Hacks Repelled . | . . . . . . . . . . . . . . . . . . . . . . . . . . . . . . . . . . . . . . . . Allies | -11 -10 -10 -9 -9 -9 -8 -8 -8 -8 -8 -7 -7 -6 -6 -6 -6 -6 -6 -5 -5 -5 -5 -5 -5 -4 -4 -4 -3 -3 -3 -2 -2 -2 -2 -1 -1 -1 -1 -1 -------- Run | Jun Mat Min Mat Min Exi Min Mat Gar Mat Gar Fac Gar Fac Was Fac Gar Fac Gar Fac Ext Cet Arc Hub Gar Fac Arm Lab Res Qua Gar Res Tes Sec Gar Acc Gar Acc Com Ac0 Total Allies 182 | . . . . 2 . . . 1 . . 2 4 . . . 5 2 4 . 30 5 1 6 2 2 . . 6 4 11 . 3 4 . 3 8 27 50 . Largest Group 26 | . . . . 2 1 . . 1 . . 1 2 . . . 3 1 2 . 26 24 12 6 7 6 2 . 3 3 8 2 2 2 . 2 3 9 4 . Highest-Rated Group 1102 | . . . . 45 14 . . 31 . . 32 101 . . . 53 90 89 . 876 1102 598 545 634 583 173 . 152 327 446 112 54 158 . 138 207 578 748 . Highest-Rated Ally 216 | . . . . 31 14 . . 31 . . 32 101 . . . 29 90 51 . 159 159 96 109 109 109 87 . 82 109 100 56 45 115 . 69 82 82 216 . Total Orders 135 | . . . . . . . . . . . . . . . . 5 3 . . . 7 4 4 7 2 1 . . 15 8 5 4 2 . . 8 36 24 . STAY 83 | . . . . . . . . . . . . . . . . 3 1 . . . 4 2 2 3 . 1 . . 9 6 . 4 1 . . 4 30 13 . FOLLOW 37 | . . . . . . . . . . . . . . . . 2 1 . . . 3 2 2 4 . . . . 6 2 . . 1 . . 4 2 8 . AID 10 | . . . . . . . . . . . . . . . . . 1 . . . . . . . 2 . . . . . . . . . . . 4 3 . EXPLORE 3 | . . . . . . . . . . . . . . . . . . . . . . . . . . . . . . . 3 . . . . . . . . RETURN 2 | . . . . . . . . . . . . . . . . . . . . . . . . . . . . . . . 2 . . . . . . . . Ally Attacks 1217 | . . . . 5 . . . 10 . . 15 19 . . . 31 10 37 . 101 188 30 52 59 43 . . 18 19 85 13 . 52 . 12 46 211 161 . Total Damage 42084 | . . . . 83 . . . 104 . . 532 590 . . . 271 1299 499 . 2084 4440 890 1835 2909 2220 . . 367 535 3315 500 . 1482 . 494 1953 7712 7970 . Kills 224 | . . . . . . . . 2 . . 2 6 . . . 3 5 4 . 12 36 5 12 28 18 . . 2 2 25 2 . 7 . 2 7 35 9 . Allies Corrupted 12 | . . . . . . . . . . . . . . . . . . . . . . . . . . . . . . . . . 1 . . 1 6 4 . Allies Melted 4 | . . . . . . . . . . . . . . . . . . . . . . . . . . . . 1 1 . . . . . . . . 2 . Field Lobotomies 5 | . . . . . . . . . . . . . . . . . . . . . . . 5 . . . . . . . . . . . . . . . . Intel | -11 -10 -10 -9 -9 -9 -8 -8 -8 -8 -8 -7 -7 -6 -6 -6 -6 -6 -6 -5 -5 -5 -5 -5 -5 -4 -4 -4 -3 -3 -3 -2 -2 -2 -2 -1 -1 -1 -1 -1 ------- Run | Jun Mat Min Mat Min Exi Min Mat Gar Mat Gar Fac Gar Fac Was Fac Gar Fac Gar Fac Ext Cet Arc Hub Gar Fac Arm Lab Res Qua Gar Res Tes Sec Gar Acc Gar Acc Com Ac0 Robot Analysis Total 7 | . 2 . 3 . . . 2 . . . . . . . . . . . . . . . . . . . . . . . . . . . . . . . . Derelict Logs Recovered 4 | . . 1 . 3 . . . . . . . . . . . . . . . . . . . . . . . . . . . . . . . . . . . Drone Launches 5 | . . . . . . . . . . . . . . . . . . . . . . . . . . . . . . . 5 . . . . . . . . Drone Recoveries 4 | . . . . . . . . . . . . . . . . . . . . . . . . . . . . . . . 4 . . . . . . . . Exploration | -11 -10 -10 -9 -9 -9 -8 -8 -8 -8 -8 -7 -7 -6 -6 -6 -6 -6 -6 -5 -5 -5 -5 -5 -5 -4 -4 -4 -3 -3 -3 -2 -2 -2 -2 -1 -1 -1 -1 -1 ------------- Run | Jun Mat Min Mat Min Exi Min Mat Gar Mat Gar Fac Gar Fac Was Fac Gar Fac Gar Fac Ext Cet Arc Hub Gar Fac Arm Lab Res Qua Gar Res Tes Sec Gar Acc Gar Acc Com Ac0 Turns Passed 85316 | 243 331 751 1572 853 3333 2389 1928 1708 1045 1156 3282 1224 144 1568 448 2406 2774 1546 1042 1910 731 2608 2757 1465 705 2381 696 1445 2535 2211 747 3087 2583 1077 403 2057 7145 17506 1524 Spaces Moved 28112 | 35 160 358 705 505 1383 561 441 436 239 293 1285 574 74 508 162 802 859 520 355 654 212 245 896 532 258 732 438 571 968 776 230 1036 752 359 135 700 2186 5460 717 Core 375 | . . . . . . . . . . . . . . . . . . . . . . 57 . . . . 309 . . . . . . . . . . . 9 Treads 22656 | . 155 358 705 505 1383 561 441 436 239 293 234 . . 431 162 802 859 520 355 654 212 188 896 532 258 732 129 72 2 685 230 1036 752 359 135 700 2186 3751 708 Legs 40 | 35 5 . . . . . . . . . . . . . . . . . . . . . . . . . . . . . . . . . . . . . . Wheels 5039 | . . . . . . . . . . . 1051 574 74 77 . . . . . . . . . . . . . 499 966 91 . . . . . . . 1707 . Hover . | . . . . . . . . . . . . . . . . . . . . . . . . . . . . . . . . . . . . . . . . Flight . | . . . . . . . . . . . . . . . . . . . . . . . . . . . . . . . . . . . . . . . . Fastest Speed 50 | 120 120 160 160 160 160 400 320 315 312 316 145 145 160 160 240 160 240 240 245 245 245 245 240 240 240 238 50 160 190 160 240 160 246 246 246 246 225 143 50 Average Speed 234 | 120 158 160 160 160 206 400 320 321 314 319 206 147 160 227 240 238 240 242 245 245 245 955 243 240 240 245 101 193 190 231 240 240 246 246 246 246 239 230 141 Slowest Speed 3300 | 120 160 160 160 160 400 400 322 322 316 320 320 160 160 240 240 240 240 245 245 245 245 3300 245 240 240 250 240 240 240 240 243 246 246 246 246 246 249 430 143 Overloaded Moves . | . . . . . . . . . . . . . . . . . . . . . . . . . . . . . . . . . . . . . . . . Propulsion Burnouts . | . . . . . . . . . . . . . . . . . . . . . . . . . . . . . . . . . . . . . . . . Robots Hopped . | . . . . . . . . . . . . . . . . . . . . . . . . . . . . . . . . . . . . . . . . Cave-ins Triggered . | . . . . . . . . . . . . . . . . . . . . . . . . . . . . . . . . . . . . . . . . Teleports 4 | . . . . . . . . . . . . . . . . . . . . . . . . . . . . . . . 1 . 1 . . . . 1 1 Spacefolds 1 | . . . . . . . . . . . . . . . . . . . . . . . . . . . . . . . . . . . . . . 1 . Exploration Rate (%) 56 | 4 42 73 56 95 92 100 52 61 34 44 36 63 4 100 8 67 32 71 12 78 70 79 68 70 10 54 96 23 96 72 15 91 60 56 7 80 65 88 46 Regions Visited 39 Branch Regions 15 Pre-discovered Areas 4 | . . . 2 . 1 . 1 . . . . . . . . . . . . . . . . . . . . . . . . . . . . . . . . Known Exits Taken 12 | . . . . . . . 1 . 1 . 1 . . . 1 . 1 . 1 . . . 1 . 1 . . . 1 . 1 . 1 . 1 . . . . Unknown Exits Taken 16 | 1 1 1 1 1 1 1 . . . . . . . . . . . . . 1 1 1 . . . 1 1 1 . . . 1 . . . . 1 1 . Scrap Searched 3 | . . 1 . 1 . 1 . . . . . . . . . . . . . . . . . . . . . . . . . . . . . . . . . Spaces Dug 590 | . 5 . 20 53 . . 6 8 4 11 44 9 4 5 3 10 22 1 10 1 . . 13 . 8 42 17 50 19 22 7 37 30 8 16 1 34 61 9 Terrain Destroyed 1666 | . 23 32 44 53 20 60 81 22 76 51 100 11 4 12 4 11 48 24 15 9 . . 36 . 12 123 17 70 27 26 12 51 82 16 19 37 79 319 40 Melee 114 | . 5 . 5 5 . . 6 6 4 4 36 9 4 . . 10 3 . . . . . . . . 7 . . 1 . 1 1 2 . . . . 4 1 Projectile 607 | . . . . . 17 11 . . . . 8 . . 12 4 . 33 1 15 9 . . 28 . 8 23 17 70 25 26 11 50 40 13 18 11 52 79 26 AOE 721 | . 18 32 39 48 . 49 75 16 72 47 56 2 . . . 1 12 23 . . . . 8 . 4 93 . . . . . . 32 . . 26 . 68 . Terrain Rammed . | . . . . . . . . . . . . . . . . . . . . . . . . . . . . . . . . . . . . . . . . Walls Destroyed . | . . . . . . . . . . . . . . . . . . . . . . . . . . . . . . . . . . . . . . . . Machines Disabled . | . . . . . . . . . . . . . . . . . . . . . . . . . . . . . . . . . . . . . . . . Actions | -11 -10 -10 -9 -9 -9 -8 -8 -8 -8 -8 -7 -7 -6 -6 -6 -6 -6 -6 -5 -5 -5 -5 -5 -5 -4 -4 -4 -3 -3 -3 -2 -2 -2 -2 -1 -1 -1 -1 -1 --------- Run | Jun Mat Min Mat Min Exi Min Mat Gar Mat Gar Fac Gar Fac Was Fac Gar Fac Gar Fac Ext Cet Arc Hub Gar Fac Arm Lab Res Qua Gar Res Tes Sec Gar Acc Gar Acc Com Ac0 Total 43165 | 196 217 520 1003 527 1705 649 727 630 411 438 1668 845 93 741 195 1099 1360 720 469 841 324 433 1267 655 340 1248 679 884 1612 1111 416 1549 1373 530 192 1020 3811 9582 1085 Wait 7142 | 138 10 139 117 . 94 51 71 63 40 25 55 106 . 36 2 91 237 75 34 72 23 128 161 18 9 138 139 41 357 101 36 94 119 36 3 84 1240 2905 54 Move 28078 | 34 159 357 704 504 1382 560 441 435 238 292 1285 573 74 507 162 801 858 519 354 653 211 244 895 531 257 731 437 570 968 775 229 1035 752 358 135 699 2185 5458 716 Hop . | . . . . . . . . . . . . . . . . . . . . . . . . . . . . . . . . . . . . . . . . Pick Up 668 | . 12 2 20 1 42 3 22 15 18 13 32 12 5 7 . 27 17 6 9 5 10 1 16 7 6 33 33 23 28 14 10 36 25 12 . 15 34 80 17 Fast Attach 466 | 1 3 1 9 . 10 . 4 3 6 5 15 10 . 7 4 5 10 7 2 1 2 4 12 8 4 24 10 4 25 11 15 20 16 6 1 6 25 155 15 Attach 338 | . . . 3 . 7 1 6 11 6 8 10 3 3 . . 2 10 3 3 3 4 . 5 6 3 17 7 5 16 5 8 23 39 14 2 6 16 66 17 Detach 266 | . 2 . 3 . 6 . 1 3 . 3 5 2 2 1 1 3 8 3 1 . 2 . . 8 1 10 4 4 17 6 8 25 34 12 3 5 8 62 13 Swap 1003 | 1 8 7 34 3 18 4 32 17 13 29 59 30 2 12 6 25 61 27 19 19 9 6 39 9 9 25 1 34 25 21 12 61 68 7 8 28 61 124 30 Drop 939 | 2 11 3 28 2 36 2 23 10 22 13 50 17 2 18 3 26 19 17 8 5 11 7 25 12 8 40 20 22 46 26 19 53 28 17 1 13 53 190 31 Fire 3776 | 20 5 9 69 7 93 18 115 52 64 33 79 44 1 153 17 79 118 53 35 75 52 43 100 46 42 220 28 181 128 134 73 195 285 62 38 157 186 476 191 Melee 281 | . 7 . 7 6 7 2 8 15 4 11 77 16 4 . . 32 6 . . . . . . . . 10 . . 2 . 1 1 3 . 1 1 . 59 1 Ram . | . . . . . . . . . . . . . . . . . . . . . . . . . . . . . . . . . . . . . . . . Kick . | . . . . . . . . . . . . . . . . . . . . . . . . . . . . . . . . . . . . . . . . Crush 84 | . . 2 9 4 10 8 4 . . . 1 . . . . . 8 . 4 4 . . 14 . 1 . . . . . 5 4 4 . . . 1 1 . Escape Stasis 123 | . . . . . . . . 6 . 6 . 32 . . . 8 7 10 . 4 . . . 10 . . . . . 18 . 2 . 6 . 6 2 6 . Rewire 1 | . . . . . . . . . . . . . . . . . 1 . . . . . . . . . . . . . . . . . . . . . . Trap . | . . . . . . . . . . . . . . . . . . . . . . . . . . . . . . . . . . . . . . . . Miscellaneous . | . . . . . . . . . . . . . . . . . . . . . . . . . . . . . . . . . . . . . . . . Route ------- -11/Junkyard -10/Materials (discovered 2 exits: *Mat / *Min) -10/Mines (discovered 2 exits: *Mat x2) -9/Materials (discovered 2 exits: *Mat / [*Min]) -9/Mines (discovered 4 exits: *Mat x2 / *Exi / [*Zio]) -9/Exiles -8/Mines (discovered 2 exits: *Mat x2) -8/Materials (discovered 2 exits: *Fac / Gar) -8/Garrison (discovered 3 exits: *Mat x3) -8/Materials -8/Garrison (discovered 3 exits: *Fac x3) -7/Factory (discovered 3 exits: Sto / [*Low] / Gar) -7/Garrison (discovered 2 exits: *Fac x2) -6/Factory -6/Waste -6/Factory -6/Garrison (discovered 3 exits: *Fac x3) -6/Factory (discovered 4 exits: *Fac x3 / Gar) -6/Garrison (discovered 3 exits: *Fac x3) -5/Factory (discovered 4 exits: Upp x2 / *Ext x2) -5/Extension (discovered 2 exits: *Fac / *Cet) -5/Cetus (discovered 2 exits: *Fac / [*Arc]) -5/Archives (discovered 3 exits: *Fac / *Hub x2) -5/Hub_04(d) (discovered 4 exits: *Fac x3 / Gar) -5/Garrison (discovered 3 exits: *Fac x3) -4/Factory (discovered 3 exits: Upp x2 / *Arm) -4/Armory (discovered 2 exits: *Res / [*Lab]) -4/Lab -3/Research -3/Quarantine (discovered 2 exits: *Res / Gar) -3/Garrison (discovered 3 exits: *Res x3) -2/Research (discovered 3 exits: *Acc / *Tes x2) -2/Testing (discovered 2 exits: *Acc / *Sec) -2/Section 7 (discovered 2 exits: *Acc / Gar) -2/Garrison (discovered 3 exits: *Acc x3) -1/Access -1/Garrison (discovered 3 exits: [*Acc x3]) -1/Access -1/Command (discovered 3 exits: [*Sur x2] / [*Ac0]) -1/Access_0 Near Former Tau Ceti IV History --------- Turn | Location | Event 2 | -11/Junkyard | Discovered new exit (range 3) 244 | -11/Junkyard | Entered Materials 401 | -10/Materials | Build established: Mutant 458 | -10/Materials | Discovered new exit (range 15) 537 | -10/Materials | Central database locked down 541 | -10/Materials | Discovered new exit (range 14) 575 | -10/Materials | Entered Mines 647 | -10/Mines | Learned Materials interactive machine intel 678 | -10/Mines | Discovered new exit (range 15) 875 | -10/Mines | Met a Derelict shopkeep closing up shop 965 | -10/Mines | Discovered new exit (range 10) 1064 | -10/Mines | A weapon hastily lodged in a ceiling crevice suddenly fell to the ground 1074 | -10/Mines | Assembled infested the area 1326 | -10/Mines | Entered Materials 1326 | -9/Materials | Evolved 2 slots: Propulsion x1, Utility x1 1327 | -9/Materials | Loaded intel: 18 interactive machine locations 1409 | -9/Materials | Repaired Grenade Launcher 1629 | -9/Materials | Discovered new exit (range 15) 1853 | -9/Materials | Discovered new exit (range 15) 1886 | -9/Materials | Build established: Scavenger-Mutant 2034 | -9/Materials | Repaired Lgt. Armor Plating 2718 | -9/Materials | Build established: Mutant 2898 | -9/Materials | Entered Mines 3259 | -9/Mines | Learned Materials terminal intel 3347 | -9/Mines | Learned Materials stockpile data 3380 | -9/Mines | Found a damaged Exp. Sensor Array with a note attached 3384 | -9/Mines | Found Prototype Device 3441 | -9/Mines | Discovered new exit (range 14) 3509 | -9/Mines | Received a Rocket Launcher from a helpful Derelict 3527 | -9/Mines | A Derelict revealed a hidden shortcut to a safe place 3550 | -9/Mines | Discovered new exit (range 12) 3744 | -9/Mines | Deemed a non-threat by the Exiles lab entrance 3744 | -9/Mines | Discovered new exit (range 5) 3751 | -9/Mines | Entered Exiles 3751 | -9/Exiles | Accompanied by 1 ally 3790 | -9/Exiles | Met 8R-AWN 3817 | -9/Exiles | Met EX-HEX 3902 | -9/Exiles | Met EX-DEC 3931 | -9/Exiles | Learned location of Zion (-7) 3987 | -9/Exiles | Discovered new exit (range 10) 4100 | -9/Exiles | Met EX-BIN 4122 | -9/Exiles | Aligned with FarCom system 4124 | -9/Exiles | Given EX-Vault access code 4161 | -9/Exiles | Opened EX-Vault 4170 | -9/Exiles | Found Field Lobotomy Kit 4173 | -9/Exiles | Found XL Autogun Array 4177 | -9/Exiles | Found Potential Leg 4184 | -9/Exiles | Found Potential Leg 4218 | -9/Exiles | Warned to stay clear of 0b10 Research branches 4989 | -9/Exiles | Attacked by the Exiles 5196 | -9/Exiles | Destroyed 8R-AWN 5206 | -9/Exiles | Found Prototype Device 5206 | -9/Exiles | Identified AS-neutralizer No. 17b 5208 | -9/Exiles | Lost 6 parts (2n2u2w) 5223 | -9/Exiles | Found Prototype Ballistic Gun 5223 | -9/Exiles | Identified 8R-AWN's Boregun 5227 | -9/Exiles | Found 8R-AWN's Boregun 5554 | -9/Exiles | Destroyed EX-DEC 5601 | -9/Exiles | Destroyed EX-BIN 5620 | -9/Exiles | Destroyed EX-HEX 5863 | -9/Exiles | Build established: Scavenger-Mutant 6289 | -9/Exiles | Build established: Hauler-Mutant 6686 | -9/Exiles | Found Deploy-a-Sentry 6704 | -9/Exiles | Found Prototype Processor 6746 | -9/Exiles | Identified Exp. Sensor Array 7084 | -9/Exiles | Stole four prototypes: Potential Leg, XL Autogun Array, Field Lobotomy Kit, Deploy-a-Sentry 7084 | -9/Exiles | Entered Mines 7147 | -8/Mines | 12-ASH came to Exiles' defense 7184 | -8/Mines | Destroyed 12-ASH 7198 | -8/Mines | Found Prototype Processor 7431 | -8/Mines | Discovered new exit (range 7) 8671 | -8/Mines | Discovered new exit (range 9) 9473 | -8/Mines | Entered Materials 9473 | -8/Materials | Evolved 2 slots: Propulsion x1, Utility x1 9475 | -8/Materials | Loaded intel: 12 terminal locations 9543 | -8/Materials | Identified Exp. Core Analyzer (x2) 9926 | -8/Materials | Discovered new exit (range 16) 10248 | -8/Materials | Destroyed 8 combat bots 10727 | -8/Materials | Repaired Broken Arm. Treads 11072 | -8/Materials | Garrison activated, responded to threat 11073 | -8/Materials | First assault squad dispatched 11132 | -8/Materials | Destroyed 7 combat bots 11401 | -8/Materials | Identified exit to Garrison 11401 | -8/Materials | Entered Garrison 11478 | -8/Garrison | Triggered checkpoint 11570 | -8/Garrison | Lost 4 parts (1n1u2w) 11668 | -8/Garrison | Rescued a captive Derelict 11792 | -8/Garrison | Triggered checkpoint 11797 | -8/Garrison | Triggered checkpoint 11862 | -8/Garrison | Triggered checkpoint 11866 | -8/Garrison | Triggered checkpoint 11906 | -8/Garrison | Destroyed 8 combat bots 12023 | -8/Garrison | Discovered new exit (range 10) 12098 | -8/Garrison | Discovered new exit (range 87) 12098 | -8/Garrison | Discovered new exit (range 14) 12098 | -8/Garrison | Discovered new exit (range 68) 12393 | -8/Garrison | Installed Relay Interface Framework 12573 | -8/Garrison | Expanded RIF knowledge: Coupler Efficiency 12663 | -8/Garrison | Triggered checkpoint 12727 | -8/Garrison | Garrison Relay disabled 13005 | -8/Garrison | Garrison Relay disabled 13109 | -8/Garrison | Entered Materials 13879 | -8/Materials | Garrison activated, responded to threat 13962 | -8/Materials | Destroyed 10 combat bots 14037 | -8/Materials | Core integrity fell below 50% 14140 | -8/Materials | Identified exit to Garrison 14154 | -8/Materials | Entered Garrison 14162 | -8/Garrison | Triggered checkpoint 14173 | -8/Garrison | Discovered new exit (range 43) 14173 | -8/Garrison | Discovered new exit (range 60) 14173 | -8/Garrison | Discovered new exit (range 83) 14417 | -8/Garrison | Triggered checkpoint 14507 | -8/Garrison | Core integrity fell below 20% 14533 | -8/Garrison | Destroyed 11 combat bots 14721 | -8/Garrison | Expanded RIF knowledge: Coupler Efficiency 14804 | -8/Garrison | Triggered checkpoint 14854 | -8/Garrison | Garrison Relay disabled 15167 | -8/Garrison | Garrison Relay disabled 15310 | -8/Garrison | Entered Factory 15310 | -7/Factory | Evolved 2 slots: Power x1, Utility x1 15311 | -7/Factory | Identified exit to Storage 15962 | -7/Factory | Build established: Bothacker-Mutant 16519 | -7/Factory | Destroyed 7 combat bots 16523 | -7/Factory | Build established: Hauler-Mutant 16982 | -7/Factory | Discovered new exit (range 9) 17418 | -7/Factory | Garrison activated, responded to threat 17915 | -7/Factory | Build established: Scavenger-Mutant 18237 | -7/Factory | System corruption reached 10% 18592 | -7/Factory | Identified exit to Garrison 18592 | -7/Factory | Entered Garrison 18649 | -7/Garrison | Triggered checkpoint 18694 | -7/Garrison | Garrison Relay disabled 18832 | -7/Garrison | Triggered checkpoint 18872 | -7/Garrison | Triggered checkpoint 18902 | -7/Garrison | Triggered checkpoint 19032 | -7/Garrison | Rescued a captive Derelict 19294 | -7/Garrison | Garrison Relay disabled 19364 | -7/Garrison | Expanded RIF knowledge: Robot Detection 19391 | -7/Garrison | Discovered new exit (range 10) 19541 | -7/Garrison | Discovered new exit (range 8) 19566 | -7/Garrison | Triggered checkpoint 19690 | -7/Garrison | H-XX Assembler disabled 19816 | -7/Garrison | Entered Factory 19816 | -6/Factory | Evolved 2 slots: Utility x2 19960 | -6/Factory | Sucked down chute 19960 | -6/Factory | Entered Waste 19980 | -6/Waste | Spotted C-40 Crusher 19991 | -6/Waste | Spotted C-40 Crusher 20018 | -6/Waste | Spotted C-40 Crusher 20020 | -6/Waste | Spotted C-40 Crusher 20048 | -6/Waste | Destroyed C-40 Crusher 20073 | -6/Waste | Spotted C-40 Crusher 20269 | -6/Waste | Destroyed C-40 Crusher 20319 | -6/Waste | Spotted C-40 Crusher 20421 | -6/Waste | Destroyed C-40 Crusher 20514 | -6/Waste | Destroyed C-40 Crusher 20730 | -6/Waste | Destroyed C-40 Crusher 20734 | -6/Waste | Destroyed C-40 Crusher 20887 | -6/Waste | Discovered new exit (range 12) 21528 | -6/Waste | Entered Factory 21976 | -6/Factory | Identified exit to Garrison 21976 | -6/Factory | Entered Garrison 22034 | -6/Garrison | Triggered checkpoint 22101 | -6/Garrison | Garrison Relay disabled 22212 | -6/Garrison | Triggered checkpoint 22244 | -6/Garrison | Triggered checkpoint 22341 | -6/Garrison | Expanded RIF knowledge: Program Shield 22392 | -6/Garrison | Discovered new exit (range 10) 22418 | -6/Garrison | Build established: Bothacker-Mutant 22460 | -6/Garrison | Triggered checkpoint 22504 | -6/Garrison | Discovered new exit (range 6) 22612 | -6/Garrison | Triggered checkpoint 22668 | -6/Garrison | Learned Factory security intel 23256 | -6/Garrison | Triggered checkpoint 23424 | -6/Garrison | Discovered new exit (range 13) 24004 | -6/Garrison | Spotted B-75 Beast 24023 | -6/Garrison | Destroyed B-75 Beast 24062 | -6/Garrison | Found Unknown Hackware 24065 | -6/Garrison | Found Unknown Hackware 24069 | -6/Garrison | Found Unknown Hackware 24072 | -6/Garrison | Found Unknown Hackware 24100 | -6/Garrison | Identified Relay Coupler [Proto] (x4) 24356 | -6/Garrison | Build established: Botlord-Mutant 24382 | -6/Garrison | Entered Factory 25214 | -6/Factory | Build established: Bothacker-Mutant 25305 | -6/Factory | Destroyed 10 combat bots 25392 | -6/Factory | Discovered new exit (range 11) 26143 | -6/Factory | Discovered new exit (range 16) 26424 | -6/Factory | Repaired Imp. Heavy Treads 26487 | -6/Factory | Repaired Imp. Heavy Treads 26533 | -6/Factory | Repaired Imp. Shield Generator 26768 | -6/Factory | Discovered new exit (range 12) 27128 | -6/Factory | Identified exit to Garrison 27156 | -6/Factory | Entered Garrison 27237 | -6/Garrison | Triggered checkpoint 27314 | -6/Garrison | Garrison Relay disabled 27482 | -6/Garrison | Triggered checkpoint 27482 | -6/Garrison | Triggered checkpoint 27516 | -6/Garrison | Triggered checkpoint 27647 | -6/Garrison | Discovered new exit (range 13) 27731 | -6/Garrison | Heavy support dispatched to Factory 27909 | -6/Garrison | H-XX Assembler disabled 28066 | -6/Garrison | Triggered checkpoint 28185 | -6/Garrison | Rescued a captive Derelict 28186 | -6/Garrison | Rescued a captive Derelict 28200 | -6/Garrison | Garrison Relay disabled 28261 | -6/Garrison | Discovered new exit (range 12) 28296 | -6/Garrison | Expanded RIF knowledge: Code Merge 28478 | -6/Garrison | Triggered checkpoint 28530 | -6/Garrison | Spotted B-75 Beast 28530 | -6/Garrison | Spotted B-75 Beast 28585 | -6/Garrison | Build established: Botlord-Mutant 28666 | -6/Garrison | Discovered new exit (range 15) 28702 | -6/Garrison | Entered Factory 28702 | -5/Factory | Evolved 2 slots: Utility x2 29234 | -5/Factory | Identified exit to Upper Caves 29234 | -5/Factory | Identified exit to Extension 29744 | -5/Factory | Entered Extension 30295 | -5/Extension | Rescued A7 30366 | -5/Extension | Rescued a captive Derelict 30366 | -5/Extension | Rescued a captive Derelict 30404 | -5/Extension | Rescued a captive Derelict 30450 | -5/Extension | Rescued a captive Derelict 30451 | -5/Extension | Rescued a captive Derelict 30505 | -5/Extension | Rescued a captive Derelict 30594 | -5/Extension | Rescued a captive Derelict 30595 | -5/Extension | Rescued a captive Derelict 30905 | -5/Extension | Spotted B-75 Beast 30920 | -5/Extension | Allies destroyed B-75 Beast 30922 | -5/Extension | Spotted B-75 Beast 30929 | -5/Extension | Allies destroyed B-75 Beast 30999 | -5/Extension | Rescued a captive Derelict 31081 | -5/Extension | Rescued a captive Derelict 31222 | -5/Extension | Rescued a captive Derelict 31228 | -5/Extension | Rescued a captive Derelict 31379 | -5/Extension | Rescued a captive Derelict 31403 | -5/Extension | Rescued a captive Derelict 31427 | -5/Extension | Rescued a captive Derelict 31428 | -5/Extension | Rescued a captive Derelict 31449 | -5/Extension | Rescued a captive Derelict 31575 | -5/Extension | Discovered new exit (range 10) 31578 | -5/Extension | Discovered new exit (range 6) 31654 | -5/Extension | Entered Cetus 31654 | -5/Cetus | Accompanied by 24 allies (A7) 31659 | -5/Cetus | Acquired a Cetus Manufacturing Module code from A7 31680 | -5/Cetus | Spotted Cetus Guard 31681 | -5/Cetus | Spotted Cetus Guard 31692 | -5/Cetus | Allies destroyed Cetus Guard 31693 | -5/Cetus | Allies destroyed Cetus Guard 31807 | -5/Cetus | Started Cetus Manufacturing Module 31832 | -5/Cetus | Manufactured an Enhanced Grunt 31853 | -5/Cetus | Escorted A7 to Cetus Mainframe 31857 | -5/Cetus | Manufactured an Enhanced Grunt 31882 | -5/Cetus | Manufactured an Enhanced Grunt 31885 | -5/Cetus | Discovered new exit (range 15) 31907 | -5/Cetus | Manufactured an Enhanced Grunt 31932 | -5/Cetus | Manufactured an Enhanced Grunt 31948 | -5/Cetus | Spotted Cetus Guard 31948 | -5/Cetus | Spotted Cetus Guard 31951 | -5/Cetus | Spotted Cetus Guard 31953 | -5/Cetus | Allies destroyed Cetus Guard 31958 | -5/Cetus | Spotted Cetus Guard 31962 | -5/Cetus | Allies destroyed Cetus Guard 31968 | -5/Cetus | Discovered new exit (range 16) 31970 | -5/Cetus | Allies destroyed Cetus Guard 31976 | -5/Cetus | Allies destroyed Cetus Guard 31983 | -5/Cetus | Met Revision 17 31989 | -5/Cetus | Destroyed Revision 17 32166 | -5/Cetus | Found Prototype Protection 32298 | -5/Cetus | Destroyed A7 32310 | -5/Cetus | Extracted ID and sensor layout for unrecognized location from A7's data core 32316 | -5/Cetus | Identified Med. Regenerative Plating 32385 | -5/Cetus | Entered Archives 32385 | -5/Archives | Accompanied by 13 allies 32463 | -5/Archives | Discovered new exit (range 15) 32562 | -5/Archives | Discovered new exit (range 16) 34725 | -5/Archives | Discovered new exit (range 16) 34993 | -5/Archives | Entered Hub_04(d) 34993 | -5/Hub_04(d) | Accompanied by 6 allies 34996 | -5/Hub_04(d) | Spotted B-75 Beast 35133 | -5/Hub_04(d) | Found Prototype Device 35133 | -5/Hub_04(d) | Identified Exp. Thermal Shield 35146 | -5/Hub_04(d) | Destroyed B-75 Beast 35429 | -5/Hub_04(d) | Discovered new exit (range 11) 35650 | -5/Hub_04(d) | Discovered new exit (range 5) 35740 | -5/Hub_04(d) | Build established: Bothacker-Mutant 35776 | -5/Hub_04(d) | Identified exit to Garrison 35862 | -5/Hub_04(d) | Discovered new exit (range 4) 36289 | -5/Hub_04(d) | Network Hub disabled 36289 | -5/Hub_04(d) | Network Hub disabled 36802 | -5/Hub_04(d) | Spotted Lightning 36805 | -5/Hub_04(d) | Spotted Lightning 36805 | -5/Hub_04(d) | Network Hub disabled 36805 | -5/Hub_04(d) | Spotted Lightning 36806 | -5/Hub_04(d) | System corruption reached 10% 36808 | -5/Hub_04(d) | Assimilated Lightning with FLK Orb 36811 | -5/Hub_04(d) | Assimilated Lightning with FLK Orb 36814 | -5/Hub_04(d) | Assimilated Lightning with FLK Orb 36880 | -5/Hub_04(d) | Destroyed Lightning 36893 | -5/Hub_04(d) | Found Prototype Device 36893 | -5/Hub_04(d) | Identified Exp. EM Disruption Field 36900 | -5/Hub_04(d) | Found Prototype Energy Cannon 36908 | -5/Hub_04(d) | Found Prototype Device 36908 | -5/Hub_04(d) | Identified Exp. Phase Shifter 37206 | -5/Hub_04(d) | Spotted Lightning 37206 | -5/Hub_04(d) | Spotted Lightning 37209 | -5/Hub_04(d) | Spotted Lightning 37212 | -5/Hub_04(d) | Network Hub disabled 37219 | -5/Hub_04(d) | Assimilated Lightning with FLK Orb 37245 | -5/Hub_04(d) | Assimilated Lightning with FLK Orb 37249 | -5/Hub_04(d) | Assimilated Lightning with formatsys_high 37750 | -5/Hub_04(d) | Entered Garrison 37750 | -5/Garrison | Accompanied by 5 allies 37860 | -5/Garrison | Identified EMDS 37904 | -5/Garrison | Triggered checkpoint 37918 | -5/Garrison | Learned Factory security intel 37980 | -5/Garrison | Expanded RIF knowledge: Zone Cloak 38002 | -5/Garrison | Garrison Relay disabled 38111 | -5/Garrison | Triggered checkpoint 38130 | -5/Garrison | Triggered checkpoint 38242 | -5/Garrison | Triggered checkpoint 38283 | -5/Garrison | Build established: Botlord-Mutant 38288 | -5/Garrison | Garrison Relay disabled 38386 | -5/Garrison | Discovered new exit (range 10) 38516 | -5/Garrison | Triggered checkpoint 38649 | -5/Garrison | Discovered new exit (range 11) 38730 | -5/Garrison | Triggered checkpoint 38926 | -5/Garrison | Found Unknown Device 38926 | -5/Garrison | Identified Quantum Capacitor 38940 | -5/Garrison | Found Quantum Capacitor 39140 | -5/Garrison | Found Relay Coupler [Proto] 39143 | -5/Garrison | Found Relay Coupler [Proto] 39146 | -5/Garrison | Found Relay Coupler [Proto] 39191 | -5/Garrison | Discovered new exit (range 11) 39215 | -5/Garrison | Entered Factory 39215 | -4/Factory | Accompanied by 6 allies 39215 | -4/Factory | Evolved 2 slots: Utility x2 39289 | -4/Factory | Spotted B-86 Titan 39299 | -4/Factory | Allies destroyed B-86 Titan 39311 | -4/Factory | Found EMDS 39319 | -4/Factory | Found Exp. EM Disruption Field 39340 | -4/Factory | Found Prototype Processor 39340 | -4/Factory | Identified Exp. Targeting Computer 39465 | -4/Factory | First assault squad dispatched 39564 | -4/Factory | Identified exit to Upper Caves 39564 | -4/Factory | Identified exit to Armory 39850 | -4/Factory | Found EMDS 39856 | -4/Factory | Found Exp. Targeting Computer 39920 | -4/Factory | Entered Armory 39920 | -4/Armory | Accompanied by 2 allies 40186 | -4/Armory | Destroyed *Aoemica 40479 | -4/Armory | Destroyed 7 combat bots 40786 | -4/Armory | System corruption reached 10% 40827 | -4/Armory | Lost 3 parts (2p1u) 40920 | -4/Armory | First assault squad dispatched 41049 | -4/Armory | Destroyed 10 combat bots 41214 | -4/Armory | Found Fusion Bomb Launcher 41218 | -4/Armory | Found Fusion Bomb Launcher 41221 | -4/Armory | Found Fusion Bomb Launcher 41225 | -4/Armory | Found Fusion Bomb Launcher 41299 | -4/Armory | Spotted B-86 Titan 41394 | -4/Armory | Destroyed B-86 Titan 41403 | -4/Armory | Lost 3 parts (2u1w) 41562 | -4/Armory | Discovered new exit (range 8) 41817 | -4/Armory | Discovered new exit (range 3) 42167 | -4/Armory | System corruption reached 30% 42211 | -4/Armory | Found Quantum Capacitor 42301 | -4/Armory | Entered Lab 42326 | -4/Lab | Discovered new exit (range 9) 42344 | -4/Lab | Hidden lab's door opened automatically 42344 | -4/Lab | Sensor layout match revealed 42345 | -4/Lab | Gained access to the hidden lab's interior 42609 | -4/Lab | Found Prototype Hackware 42609 | -4/Lab | Identified Deep Network Scanner 42612 | -4/Lab | Found Prototype Protection 42614 | -4/Lab | Found Prototype Energy Cannon 42659 | -4/Lab | Found Prototype Energy Cannon 42736 | -4/Lab | Found Alien Artifact 42736 | -4/Lab | Identified Core Expander 42736 | -4/Lab | Installed Core Expander, added new Utility slot 42776 | -4/Lab | Found Alien Artifact 42794 | -4/Lab | Found Alien Artifact 42794 | -4/Lab | Identified Integrated Dissipator 42794 | -4/Lab | Installed Integrated Dissipator, increased core heat dissipation (+20) 42815 | -4/Lab | Found Prototype Special Weapon 42875 | -4/Lab | Identified Hvy. Regenerative Plating 42997 | -4/Lab | Entered Research 42997 | -3/Research | Evolved 2 slots: Propulsion x2 43010 | -3/Research | Spotted B-86 Titan 43138 | -3/Research | Identified Gui. Remote Datajack 43150 | -3/Research | Identified Potential Cannon 43627 | -3/Research | Spotted B-86 Titan 44038 | -3/Research | Local machine network offline 44433 | -3/Research | Discovered new exit (range 5) 44442 | -3/Research | Entered Quarantine 44523 | -3/Quarantine | Deep Network Scanner fried by hacking feedback 44620 | -3/Quarantine | Cryocooling Duct disabled 44635 | -3/Quarantine | Ambient heat levels rising (+20) 44635 | -3/Quarantine | Non-combat units ordered to evacuate 44688 | -3/Quarantine | Identified Transdimensional Reconstructor 44762 | -3/Quarantine | Found Alien Artifact 44796 | -3/Quarantine | Discovered new exit (range 15) 44960 | -3/Quarantine | Cryocooling Duct disabled 44975 | -3/Quarantine | Ambient heat levels rising (+20) 44975 | -3/Quarantine | Combat units ordered to evacuate 45075 | -3/Quarantine | Quarantine Guard activated 45132 | -3/Quarantine | Spotted Quarantine Guard 45166 | -3/Quarantine | Spotted Quarantine Guard 45170 | -3/Quarantine | Destroyed Quarantine Guard 45191 | -3/Quarantine | Destroyed Quarantine Guard 45199 | -3/Quarantine | Destroyed Quarantine Guard 45252 | -3/Quarantine | Destroyed Quarantine Guard 45283 | -3/Quarantine | Destroyed Quarantine Guard 45378 | -3/Quarantine | Found Alien Artifact 45487 | -3/Quarantine | Destroyed Quarantine Guard 45517 | -3/Quarantine | Found Prototype Device 45529 | -3/Quarantine | Identified Exp. Focal Shield 45614 | -3/Quarantine | Identified Core Reset Matrix 45614 | -3/Quarantine | Identified Subatomic Replicator 45635 | -3/Quarantine | Destroyed Quarantine Guard 45740 | -3/Quarantine | Destroyed Quarantine Guard 45788 | -3/Quarantine | Found Alien Artifact 45794 | -3/Quarantine | Found Alien Artifact 45818 | -3/Quarantine | Met incapacitated Sigix Warrior 45818 | -3/Quarantine | Lockdown squad dispatched 45825 | -3/Quarantine | Acquired the access code to the Sigix quarantine chamber 45829 | -3/Quarantine | Unlocked Sigix quarantine chamber 45981 | -3/Quarantine | Assimilated Lightning with formatsys_high 45985 | -3/Quarantine | Assimilated Lightning with formatsys_high 45991 | -3/Quarantine | Spotted Lightning 45992 | -3/Quarantine | Assimilated Lightning with formatsys_high 46018 | -3/Quarantine | Spotted Quarantine Guard 46021 | -3/Quarantine | Destroyed Quarantine Guard 46137 | -3/Quarantine | Destroyed *Flower 46287 | -3/Quarantine | Found Alien Slashing Weapon 46287 | -3/Quarantine | Identified Sigix Broadsword 46393 | -3/Quarantine | Repaired Hvy. Treads 46547 | -3/Quarantine | Spotted Alpha 7 46582 | -3/Quarantine | Destroyed Alpha 7 46597 | -3/Quarantine | Found Corrupted Prototype Device 46602 | -3/Quarantine | Found Corrupted Prototype Processor 46606 | -3/Quarantine | Identified Exp. ECM Suite 46626 | -3/Quarantine | Found Alien Launcher 46732 | -3/Quarantine | System corruption reached 10% 46881 | -3/Quarantine | System corruption reached 30% 46908 | -3/Quarantine | Spotted Quarantine Guard 46908 | -3/Quarantine | Spotted Quarantine Guard 46930 | -3/Quarantine | Allies destroyed Quarantine Guard 46934 | -3/Quarantine | Allies destroyed Quarantine Guard 46977 | -3/Quarantine | Identified exit to Garrison 46977 | -3/Quarantine | Entered Garrison 46977 | -3/Garrison | Accompanied by 2 allies 47010 | -3/Garrison | Triggered checkpoint 47057 | -3/Garrison | Triggered checkpoint 47592 | -3/Garrison | Triggered checkpoint 47596 | -3/Garrison | Triggered checkpoint 47613 | -3/Garrison | Triggered checkpoint 47736 | -3/Garrison | Spotted B-86 Titan 47740 | -3/Garrison | Triggered checkpoint 47751 | -3/Garrison | Destroyed B-86 Titan 47754 | -3/Garrison | Discovered new exit (range 14) 48054 | -3/Garrison | Garrison Relay disabled 48210 | -3/Garrison | Triggered checkpoint 48236 | -3/Garrison | Found EMDS 48242 | -3/Garrison | Found Exp. EM Disruption Field 48302 | -3/Garrison | Triggered checkpoint 48317 | -3/Garrison | Discovered new exit (range 14) 48442 | -3/Garrison | Garrison Relay disabled 48524 | -3/Garrison | Triggered checkpoint 48716 | -3/Garrison | Discovered new exit (range 10) 48754 | -3/Garrison | Triggered checkpoint 48830 | -3/Garrison | Expanded RIF knowledge: Autoassimilate 48897 | -3/Garrison | Learned Research security intel 48913 | -3/Garrison | Garrison Relay disabled 49111 | -3/Garrison | Expanded RIF knowledge: Patrol Navigation 49188 | -3/Garrison | Entered Research 49188 | -2/Research | Accompanied by 2 allies 49188 | -2/Research | Evolved 2 slots: Power x1, Utility x1 49376 | -2/Research | Identified exit to Testing 49422 | -2/Research | Found Prototype Launcher 49426 | -2/Research | Found Prototype Launcher 49434 | -2/Research | Identified Tesla Bomb Launcher (x2) 49483 | -2/Research | Garrison activated, responded to threat 49515 | -2/Research | Discovered new exit (range 13) 49568 | -2/Research | Spotted B-90 Cyclops 49585 | -2/Research | Identified Hpw. Transdimensional Reconstructor (x2) 49585 | -2/Research | Warped through subspace 49688 | -2/Research | First assault squad dispatched 49935 | -2/Research | Entered Testing 50296 | -2/Testing | Found Prototype Protection 50296 | -2/Testing | Identified SHELL Armor 50405 | -2/Testing | Found Prototype Hackware 50405 | -2/Testing | Identified Ghost Barrier 51017 | -2/Testing | Discovered new exit (range 15) 51133 | -2/Testing | Found Prototype Processor 51151 | -2/Testing | Identified Spectral Analyzer 51309 | -2/Testing | Found Prototype Ballistic Cannon 51309 | -2/Testing | Identified Perforator 52185 | -2/Testing | First assault squad dispatched 52191 | -2/Testing | Found Prototype Device 52197 | -2/Testing | Identified Exp. Actuator Array 52312 | -2/Testing | Spotted PX-PESS085T76 52399 | -2/Testing | Found Prototype Ballistic Cannon 52480 | -2/Testing | Destroyed PX-PESS085T76 52496 | -2/Testing | Found Prototype Device 52497 | -2/Testing | Identified Exp. Transmission Jammer 52842 | -2/Testing | Spotted Fortress 53012 | -2/Testing | Discovered new exit (range 5) 53022 | -2/Testing | Entered Section 7 53136 | -2/Section 7 | Spotted S7 Guard 53160 | -2/Section 7 | Found Alien Artifact 53335 | -2/Section 7 | Spotted S7 Guard 53351 | -2/Section 7 | Assimilated S7 Guard with formatsys_high 53356 | -2/Section 7 | Found Alien Artifact 53444 | -2/Section 7 | Spotted S7 Guard 53480 | -2/Section 7 | Found Alien Artifact 53511 | -2/Section 7 | Destroyed S7 Guard 53538 | -2/Section 7 | System corruption reached 10% 53612 | -2/Section 7 | Local machine network offline 53998 | -2/Section 7 | Spotted S7 Guard 54022 | -2/Section 7 | First assault squad dispatched 54063 | -2/Section 7 | Found Alien Artifact 54064 | -2/Section 7 | Warped through subspace 54203 | -2/Section 7 | Found Transdimensional Reconstructor 54410 | -2/Section 7 | Destroyed 7 combat bots 54495 | -2/Section 7 | Identified Omega Cannon 54645 | -2/Section 7 | Found Alien Artifact 54645 | -2/Section 7 | Identified LRC Energy Well 54645 | -2/Section 7 | Installed LRC Energy Well, increased energy storage capacity (+250) 54649 | -2/Section 7 | Found Alien Artifact 54649 | -2/Section 7 | Identified LRC Matter Compressor 54649 | -2/Section 7 | Installed LRC Matter Compressor, increased matter storage capacity (+125) 54804 | -2/Section 7 | Spotted B-99 Colossus 54808 | -2/Section 7 | Destroyed B-99 Colossus 55011 | -2/Section 7 | Spotted Executioner 55012 | -2/Section 7 | Spotted Executioner 55018 | -2/Section 7 | Destroyed Executioner 55018 | -2/Section 7 | Destroyed Executioner 55030 | -2/Section 7 | Scanned by Researcher 55090 | -2/Section 7 | Intercept squad dispatched 55097 | -2/Section 7 | Spotted Tracker 55098 | -2/Section 7 | Spotted Tracker 55101 | -2/Section 7 | Destroyed 10 combat bots 55106 | -2/Section 7 | Spotted Combat Programmer 55106 | -2/Section 7 | Spotted Combat Programmer 55124 | -2/Section 7 | Destroyed Combat Programmer 55126 | -2/Section 7 | System corruption reached 30% 55129 | -2/Section 7 | Destroyed Tracker 55144 | -2/Section 7 | Found Prototype Processor 55145 | -2/Section 7 | Identified Exp. Core Analyzer 55183 | -2/Section 7 | Build established: Scavenger-Mutant 55185 | -2/Section 7 | Destroyed Combat Programmer 55196 | -2/Section 7 | Destroyed Tracker 55271 | -2/Section 7 | Found Alien Artifact 55325 | -2/Section 7 | Discovered new exit (range 5) 55605 | -2/Section 7 | Identified exit to Garrison 55605 | -2/Section 7 | Entered Garrison 55759 | -2/Garrison | Build established: Botlord-Mutant 55771 | -2/Garrison | Triggered checkpoint 55866 | -2/Garrison | Discovered new exit (range 68) 55866 | -2/Garrison | Discovered new exit (range 70) 55866 | -2/Garrison | Discovered new exit (range 42) 55964 | -2/Garrison | Triggered checkpoint 55973 | -2/Garrison | Spotted B-90 Cyclops 56019 | -2/Garrison | Destroyed B-90 Cyclops 56216 | -2/Garrison | Triggered checkpoint 56253 | -2/Garrison | Expanded RIF knowledge: Watcher Feeds 56296 | -2/Garrison | Garrison Relay disabled 56387 | -2/Garrison | Triggered checkpoint 56481 | -2/Garrison | Garrison Relay disabled 56560 | -2/Garrison | Expanded RIF knowledge: Structural Interface 56682 | -2/Garrison | Entered Access 56682 | -1/Access | Evolved 2 slots: Weapon x2 56849 | -1/Access | Spotted B-99 Colossus 56932 | -1/Access | First assault squad dispatched 57085 | -1/Access | Identified exit to Garrison 57085 | -1/Access | Entered Garrison 57085 | -1/Garrison | Accompanied by 2 allies 57168 | -1/Garrison | Spotted Striker 57168 | -1/Garrison | Spotted Striker 57366 | -1/Garrison | Found Relay Coupler [Proto] 57514 | -1/Garrison | Triggered checkpoint 57525 | -1/Garrison | Spotted B-99 Colossus 57540 | -1/Garrison | Triggered checkpoint 57565 | -1/Garrison | Destroyed B-99 Colossus 57642 | -1/Garrison | Triggered checkpoint 57813 | -1/Garrison | Triggered checkpoint 57873 | -1/Garrison | Expanded RIF knowledge: Crosswire 57907 | -1/Garrison | Discovered new exit (range 2) 57960 | -1/Garrison | Garrison Relay disabled 58290 | -1/Garrison | Spotted B-99 Colossus 58442 | -1/Garrison | Discovered new exit (range 5) 58512 | -1/Garrison | Triggered checkpoint 58551 | -1/Garrison | Garrison Relay disabled 58818 | -1/Garrison | Triggered checkpoint 58827 | -1/Garrison | Rescued a captive Derelict 58869 | -1/Garrison | Garrison Relay disabled 59076 | -1/Garrison | Discovered new exit (range 10) 59142 | -1/Garrison | Entered Access 59392 | -1/Access | First assault squad dispatched 59436 | -1/Access | Local machine network offline 59590 | -1/Access | Assimilated ARC 10a with formatsys_deep 59902 | -1/Access | Identified Core Regenerator 59902 | -1/Access | Used Core Regenerator, restored core integrity (+36) 59903 | -1/Access | Identified Integrated Thermoelectric Network 59903 | -1/Access | Installed Integrated Thermoelectric Network, gained heat-energy exchange potential 60422 | -1/Access | Used Subatomic Replicator to replicate Perforator 60538 | -1/Access | High security lockdown imminent 60618 | -1/Access | High security lockdown engaged 60777 | -1/Access | Destroyed Executioner 60868 | -1/Access | Destroyed Executioner 60868 | -1/Access | Spotted Striker 60875 | -1/Access | Allies destroyed Striker 60912 | -1/Access | Destroyed 10 combat bots 61272 | -1/Access | Destroyed Striker 61275 | -1/Access | Destroyed Executioner 61299 | -1/Access | Destroyed 7 combat bots 61331 | -1/Access | Destroyed Striker 61332 | -1/Access | Spotted Striker 61334 | -1/Access | Destroyed Striker 61337 | -1/Access | Destroyed Executioner 61337 | -1/Access | Destroyed Executioner 61337 | -1/Access | Destroyed Executioner 61339 | -1/Access | Spotted Striker 61340 | -1/Access | Destroyed Striker 61374 | -1/Access | Destroyed 17 combat bots 61465 | -1/Access | P-80 Master assimilated allied Artificer 10b 61467 | -1/Access | Destroyed Striker 61473 | -1/Access | Destroyed Executioner 61480 | -1/Access | System corruption reached 10% 61527 | -1/Access | Destroyed 17 combat bots 61558 | -1/Access | Sterilization system engaged 61564 | -1/Access | Destroyed Executioner 61564 | -1/Access | Destroyed Striker 61567 | -1/Access | Destroyed Striker 61575 | -1/Access | Spotted Executioner 61581 | -1/Access | Destroyed Executioner 61605 | -1/Access | Destroyed 12 combat bots 61858 | -1/Access | Ambient heat levels rising (+10) 62003 | -1/Access | Spotted B-99 Colossus 62006 | -1/Access | Spotted B-99 Colossus 62008 | -1/Access | Ambient heat levels rising (+10) 62158 | -1/Access | Ambient heat levels rising (+10) 62308 | -1/Access | Ambient heat levels rising (+10) 62458 | -1/Access | Ambient heat levels rising (+10) 62608 | -1/Access | Ambient heat levels rising (+10) 62671 | -1/Access | Found Antimissile System 62758 | -1/Access | Ambient heat levels rising (+10) 62908 | -1/Access | Ambient heat levels rising (+10) 63058 | -1/Access | Ambient heat levels rising (+10) 63121 | -1/Access | Spotted B-99 Colossus 63208 | -1/Access | Ambient heat levels rising (+10) 63358 | -1/Access | Ambient heat levels rising (+10) 63508 | -1/Access | Ambient heat levels rising (+10) 63658 | -1/Access | Ambient heat levels rising (+10) 63808 | -1/Access | Ambient heat levels rising (+10) 63958 | -1/Access | Ambient heat levels rising (+10) 64108 | -1/Access | Ambient heat levels rising (+10) 64125 | -1/Access | Found Prototype Launcher 64131 | -1/Access | Identified Enh. Gamma Bomb Array 64258 | -1/Access | Ambient heat levels rising (+10) 64408 | -1/Access | Ambient heat levels rising (+10) 64558 | -1/Access | Ambient heat levels rising (+10) 64708 | -1/Access | Ambient heat levels rising (+10) 64858 | -1/Access | Ambient heat levels rising (+10) 64889 | -1/Access | Found Vortex Chain Reactor 65008 | -1/Access | Ambient heat levels rising (+10) 65158 | -1/Access | Ambient heat levels rising (+10) 65308 | -1/Access | Ambient heat levels rising (+10) 65458 | -1/Access | Ambient heat levels rising (+10) 65608 | -1/Access | Ambient heat levels rising (+10) 65758 | -1/Access | Ambient heat levels rising (+10) 65758 | -1/Access | Discovered new exit (range 3) 65908 | -1/Access | Ambient heat levels rising (+10) 66058 | -1/Access | Ambient heat levels rising (+10) 66208 | -1/Access | Ambient heat levels rising (+10) 66287 | -1/Access | Entered Command 66537 | -1/Command | First assault squad dispatched 67683 | -1/Command | Destroyed 8 combat bots 68153 | -1/Command | High security lockdown imminent 68233 | -1/Command | High security lockdown engaged 68378 | -1/Command | Destroyed Executioner 68405 | -1/Command | Destroyed 7 combat bots 68479 | -1/Command | Spotted Investigator 68504 | -1/Command | Identified Spacefold Activator 68504 | -1/Command | Identified Core Physics Calibrator 68504 | -1/Command | Identified Core Membrane 68504 | -1/Command | Autoassimilated Investigator with RIF 68506 | -1/Command | Installed Core Membrane, gained immunity to corruption 68521 | -1/Command | Destroyed 14 combat bots 68602 | -1/Command | Spotted Striker 68603 | -1/Command | Autoassimilated Striker with RIF 68671 | -1/Command | Destroyed 14 combat bots 69168 | -1/Command | Spotted B-99 Colossus 69169 | -1/Command | Destroyed B-99 Colossus 69597 | -1/Command | Phase Generator disabled 70245 | -1/Command | Found Unknown Device 70261 | -1/Command | Identified Quantum Capacitor 71063 | -1/Command | Build established: Botlord-Gunner 71478 | -1/Command | Build established: Botlord-Mutant 73306 | -1/Command | Spotted B-99 Colossus 73924 | -1/Command | Destroyed 55 combat bots 73924 | -1/Command | Lost 10 parts (1p3n4u2w) 74142 | -1/Command | Build established: Hauler-Mutant 74737 | -1/Command | Found Unknown Protection 74737 | -1/Command | Identified Hvy. Reactive Plating 74805 | -1/Command | Build established: Scavenger-Mutant 75114 | -1/Command | Found Unknown Launcher 75114 | -1/Command | Identified Gamma Bomb Array 75685 | -1/Command | Build established: Botlord-Mutant 76764 | -1/Command | Found Hvy. Reflective Plating 76783 | -1/Command | Found Hvy. Reflective Plating 77336 | -1/Command | Destroyed 9 combat bots 77562 | -1/Command | Lost 13 parts (1p9u3w) 77596 | -1/Command | Destroyed 48 combat bots 77886 | -1/Command | Build established: Scavenger-Mutant 78197 | -1/Command | Build established: Botlord-Mutant 78628 | -1/Command | Found Hvy. Reflective Plating 78632 | -1/Command | Found Hvy. Reflective Plating 78638 | -1/Command | Found Hvy. Reflective Plating 79177 | -1/Command | Found Spectral Analyzer 79302 | -1/Command | Spotted M Guard 79311 | -1/Command | Spotted M Guard 79313 | -1/Command | Spotted Combat Programmer 79412 | -1/Command | Spotted Combat Programmer 79421 | -1/Command | Assimilated Combat Programmer with formatsys_high 79423 | -1/Command | Assimilated Combat Programmer with formatsys_high 79429 | -1/Command | Assimilated M Guard with formatsys_high 79431 | -1/Command | Assimilated M Guard with formatsys_high 79711 | -1/Command | Build established: Scavenger-Mutant 79798 | -1/Command | Found Unknown Protection 79798 | -1/Command | Identified Hvy. Reactive Plating 80690 | -1/Command | Met MAIN.C 80691 | -1/Command | 0b10 Conduit disabled 80715 | -1/Command | Destroyed MAIN.C Shell 80717 | -1/Command | MAIN.C activated Command garrisons 80783 | -1/Command | Destroyed MAIN.C 80810 | -1/Command | Discovered new exit (range 30) 80810 | -1/Command | Discovered new exit (range 108) 80810 | -1/Command | Extracted map data and part IDs from MAIN.C's data core 81013 | -1/Command | Found Exp. System Purifier 82772 | -1/Command | Found Vortex Chain Reactor 82779 | -1/Command | Found Vortex Chain Reactor 82783 | -1/Command | Found Exp. Targeting Computer 82795 | -1/Command | Found Cld. Nova Cannon 83121 | -1/Command | Destroyed M Guard 83123 | -1/Command | Found Corrupted AEGIS Remote Shield 83128 | -1/Command | Found Corrupted Zero-point Reactor 83147 | -1/Command | Found Corrupted Hvy. Regenerative Plating 83169 | -1/Command | Found Corrupted Cld. Nova Cannon 83342 | -1/Command | Found Exp. Core Analyzer 83352 | -1/Command | Found Adv. Kinecellerator 83781 | -1/Command | Warped through subspace to slip node 83781 | -1/Command | Discovered new exit (range 4) 83784 | -1/Command | Found Exp. Core Analyzer 83793 | -1/Command | Entered Access_0 83795 | -1/Access_0 | Met Architect 83798 | -1/Access_0 | Architect warped through subspace 83840 | -1/Access_0 | Destroyed A8 83892 | -1/Access_0 | Found Exp. Weapon Cycler 83909 | -1/Access_0 | Found Prototype Device 83909 | -1/Access_0 | Identified Desublimator 83962 | -1/Access_0 | Architect warped through subspace 83967 | -1/Access_0 | Subspace Access Node disabled 83999 | -1/Access_0 | Architect warped through subspace 84031 | -1/Access_0 | Architect warped through subspace 84040 | -1/Access_0 | Found Exp. Targeting Computer 84066 | -1/Access_0 | Architect warped through subspace 84083 | -1/Access_0 | A6 warped into view 84098 | -1/Access_0 | Destroyed A6 84102 | -1/Access_0 | Architect warped through subspace 84140 | -1/Access_0 | Architect warped through subspace 84184 | -1/Access_0 | Architect warped through subspace 84218 | -1/Access_0 | Architect warped through subspace 84253 | -1/Access_0 | Architect warped through subspace 84283 | -1/Access_0 | Architect warped through subspace 84289 | -1/Access_0 | Found Exp. Phase Shifter 84296 | -1/Access_0 | Found Exp. Weapon Cycler 84312 | -1/Access_0 | Architect warped through subspace 84316 | -1/Access_0 | Subspace Access Node disabled 84363 | -1/Access_0 | Architect warped through subspace 84397 | -1/Access_0 | Architect warped through subspace 84432 | -1/Access_0 | Architect warped through subspace 84443 | -1/Access_0 | A5 warped into view 84458 | -1/Access_0 | Destroyed A5 84479 | -1/Access_0 | Core integrity fell below 50% 84480 | -1/Access_0 | Architect warped through subspace 84537 | -1/Access_0 | Architect warped through subspace 84591 | -1/Access_0 | Architect warped through subspace 84641 | -1/Access_0 | Architect warped through subspace 84689 | -1/Access_0 | Architect warped through subspace 84743 | -1/Access_0 | Architect warped through subspace 84794 | -1/Access_0 | Architect warped through subspace 84854 | -1/Access_0 | Architect warped through subspace 84906 | -1/Access_0 | Architect warped through subspace 84956 | -1/Access_0 | Architect warped through subspace 84961 | -1/Access_0 | Found Core Regenerator 84961 | -1/Access_0 | Used Core Regenerator, restored core integrity (+400) 84991 | -1/Access_0 | Architect warped through subspace 85049 | -1/Access_0 | Architect warped through subspace 85095 | -1/Access_0 | Architect warped through subspace 85114 | -1/Access_0 | Architect warped through subspace 85131 | -1/Access_0 | Architect warped through subspace 85148 | -1/Access_0 | Architect warped through subspace 85186 | -1/Access_0 | Subspace Access Node disabled 85189 | -1/Access_0 | Architect warped through subspace 85196 | -1/Access_0 | A4 warped into view 85203 | -1/Access_0 | Destroyed A4 85208 | -1/Access_0 | Architect warped through subspace 85226 | -1/Access_0 | Architect warped through subspace 85252 | -1/Access_0 | Architect warped through subspace 85275 | -1/Access_0 | Subspace Access Node disabled 85310 | -1/Access_0 | Destroyed Architect 85311 | -1/Access_0 | Architect triggered a singularity event 85311 | -1/Access_0 | Released all parts (20) 85312 | -1/Access_0 | Found Hpw. Transdimensional Reconstructor 85312 | -1/Access_0 | Warped through subspace to slip node 85312 | -1/Access_0 | Discovered new exit (range 8) 85317 | *** | Escaped singularity! Last Messages --------------- 85311_ Released Vortex Chain Reactor. 85311_ Released Imp. Armor Integrity Analyzer. 85311_ Released Exp. Targeting Computer. 85311_ Released Exp. Biometal Heavy Treads. 85311_ Released Adv. Heavy Siege Treads. 85311_ Released Hcp. Storage Unit. 85311_ Released Exp. Targeting Computer. 85311_ Released Zero-point Reactor. 85311_ Released Exp. Core Analyzer. 85311_ Released Enh. Nova Cannon. 85311_ Released Cld. Nova Cannon. 85312_ A0_COM: 10. 85312_ Acquired Hpw. Transdimensional Reconstructor. 85312_ Warped through subspace, drawn to slip node. 85312_ EXIT=FOUND 85313_ A0_COM: 9. 85314_ A0_COM: 8. 85315_ A0_COM: 7. 85316_ A0_COM: 6. 85317_ A0_COM: 5. Map ----- +----------------------------------------------------+ | | | | | | | | | | | | | | | | | | | | | | | | | | | | | | | | | ?????????????????????????????????????????????????? | | ?????????????????????????????????????????????????? | | ?????????????????????????????????????????????????? | | ?????????????????????????????????????????????????? | | ?????????????????????????????????????????????????? | | ?????????????????????????????????????????????????? | | ????????????????????????###??????????????????????? | | ???????????????????????## ##?????????????????????? | | ???????????????????????# #?????????????????????? | | ???????????????????????# @ #?????????????????????? | | ??????????????????????## #?????????????????????? | | ??????????????????????# #?????????????????????? | | ??????????????????????# ##?????????????????????? | | ??????????????????????## #?????????????????????? | | ??????????????????????# #?????????????????????? | | ??????????????????????# ##?????????????????????? | | ??????????????????????# < #?????????????????????? | | ??????????????????????# ##?????????????????????? | | ??????????????????????## #??????????????????????? | | ???????????????????????####??????????????????????? | | ?????????????????????????????????????????????????? | | ?????????????????????????????????????????????????? | | ?????????????????????????????????????????????????? | | ?????????????????????????????????????????????????? | | ?????????????????????????????????????????????????? | | ?????????????????????????????????????????????????? | | ?????????????????????????????????????????????????? | | ?????????????????????????????????????????????????? | | ?????????????????????????????????????????????????? | | ?????????????????????????????????????????????????? | | ?????????????????????????????????????????????????? | | ?????????????????????????????????????????????????? | | ?????????????????????????????????????????????????? | | ?????????????????????????????????????????????????? | +----------------------------------------------------+ Best States ------------- Heat Dissipation 148 Coolant Potential 65 Energy Generation 83 Energy Capacity 1690 Matter Stores 825 Matter Capacity 925 Sight Range 24 Terrain Scan Density 10 Jamming Range 22 Power Amplification 30 Corruption Containment 12 Armor Coverage 2400 Resistance: KI 40 Resistance: TH 25 Resistance: EM 75 Core Shielding 30 Utility Shielding 90 Weapon Shielding 90 Point Defense Rating 240 Weapon Cycling 30 Phase Shifting 20 Evasion (%) 60 Targeting Accuracy 36 Core Analysis 12 Armor Integrity Analysis 40 Recoil Reduction 6 Energy Filtering 50 Particle Charging 25 Kinecelleration 50 Offensive Hacking 25 Defensive Hacking 20 Relay Coupler Types 6 Relay Coupler Value 222 Trap Extractor Capacity 8 Item Schematics ----------------- Cargo Storage Unit | -8/Materials | Hacked Cmb. Antigrav System | -8/Materials | Scanalyzed Huge Storage Unit | -8/Materials | Hacked Com. Linear Accelerator | -2/Testing | Archive Helical Railgun | -2/Testing | Archive Exp. Targeting Computer | -2/Testing | Archive Spectral Analyzer | -2/Testing | Scanalyzed Thermal Barrier | -2/Section 7 | Archive Exp. Energy Well | -2/Section 7 | Archive Robot Schematics ------------------ Y-72 Warden | -2/Testing | Archive C-55 Analyst | -2/Section 7 | Archive Fabricated ------------ Nothing Alien Tech Used ----------------- Core Expander Integrated Dissipator Sigix Broadsword High-powered Transdimensional Reconstructor LRC Energy Well LRC Matter Compressor Core Regenerator Integrated Thermoelectric Network Subatomic Replicator Core Membrane Core Physics Calibrator Spacefold Activator Transdimensional Reconstructor Achievements -------------- None Challenges ------------ None Game ------ Seed CoordinationReactionWheel Manual? 0 Play Time 17:46:47 Cumulative 1369.7 hours Start 2023.04.02 @ 14:20:04 End 2023.04.06 @ 21:52:30 Sessions 7 Manual Loads 0 Difficulty Rogue Special Mode None Game No. 398 Rogue 398 Adventurer 0 Explorer 0 Win Type 6 Total 78 Types 13/18/15/3/1/2/22/2/2 Lore% 97 Gallery% 97 Achievement% 88 Wizard Run 0 Options --------- ASCII 0 Keyboard 0 Movement Numpad Keybinds 0 Fullscreen 2 Font 24/Smallcaps Map View 76x50 Tactical HUD 1 Map Filters NONE Filters NONE Steam 1 RUN: 299ce73b-5f74-43f7-bd52-40ef9aacc21b